Workbook
Name POWER_USER_EXCEL_CHART_2BE11F07_D536_425E_973E_1E7130578BF4: #REF!
Name POWER_USER_EXCEL_CHART_5CB79512_1C5F_4AE3_879A_21B3693CBDBE: #REF!
Name POWER_USER_EXCEL_CHART_63D56864_BBA7_47C5_B2DC_E7EFE2E45C09: #REF!
Name POWER_USER_EXCEL_CHART_7EA2236E_C4CA_4461_9F60_62EF14C2E22E: #REF!,#REF!,#REF!,#REF!,#REF!,#REF!,#REF!
Name POWER_USER_EXCEL_CHART_8BB8FBD6_26C1_41AB_92FC_66F0F3099217: #REF!
Name POWER_USER_EXCEL_CHART_9FDC5456_C2FF_4E82_BE8E_C10351EDB04E: #REF!
Name POWER_USER_EXCEL_CHART_C4E6A1C0_967F_4598_A438_E30DF51B5EFD: #REF!
Name POWER_USER_EXCEL_CHART_E2BA8E31_B725_408D_9F6D_080BC53DAD1F: #REF!
Name POWER_USER_EXCEL_CHART_F97360F7_C7EA_40DB_AC91_EA152F07BC43: #REF!

Sheet Income_Expenditure Schedule
H2: Legend
H3: Blue = Input
H4: Black = Output/Calculation
I5: Total | K5: 44197 | L5: =EDATE(K5,1) -> 44228 | M5: =EDATE(L5,1) -> 44256 | N5: =EDATE(M5,1) -> 44287 | O5: =EDATE(N5,1) -> 44317 | P5: =EDATE(O5,1) -> 44348 | Q5: =EDATE(P5,1) -> 44378 | R5: =EDATE(Q5,1) -> 44409 | S5: =EDATE(R5,1) -> 44440 | ... BC5: =EDATE(BB5,1) -> 45536
B6: Residential Income | H6: Income Flow
B8: Residential Income
B10: Phase | E10: Rent Roll p/a
B11: Phase 1 | E11: ='Accom_Phase Schedule'!M53*12 -> 1428000 | H11: =B11 -> Phase 1 | I11: =SUM(K11:BC11) -> 3892581 | K11: =($E11/12)*K108*K120 -> 0 | L11: =($E11/12)*L108*L120 -> 0 | M11: =($E11/12)*M108*M120 -> 0 | N11: =($E11/12)*N108*N120 -> 0 | O11: =($E11/12)*O108*O120 -> 0 | P11: =($E11/12)*P108*P120 -> 0 | Q11: =($E11/12)*Q108*Q120 -> 0 | R11: =($E11/12)*R108*R120 -> 0 | ... BC11: =($E11/12)*BC108*BC120 -> 0
B12: Phase 2 | E12: ='Accom_Phase Schedule'!M54*12 -> 2088000 | H12: =B12 -> Phase 2 | I12: =SUM(K12:BC12) -> 4930313.1 | K12: =($E12/12)*K109*K121 -> 0 | L12: =($E12/12)*L109*L121 -> 0 | M12: =($E12/12)*M109*M121 -> 0 | N12: =($E12/12)*N109*N121 -> 0 | O12: =($E12/12)*O109*O121 -> 0 | P12: =($E12/12)*P109*P121 -> 0 | Q12: =($E12/12)*Q109*Q121 -> 0 | R12: =($E12/12)*R109*R121 -> 0 | ... BC12: =($E12/12)*BC109*BC121 -> 0
B13: Phase 3 | E13: ='Accom_Phase Schedule'!M55*12 -> 2880000 | H13: =B13 -> Phase 3 | I13: =SUM(K13:BC13) -> 5530553.8 | K13: =($E13/12)*K110*K122 -> 0 | L13: =($E13/12)*L110*L122 -> 0 | M13: =($E13/12)*M110*M122 -> 0 | N13: =($E13/12)*N110*N122 -> 0 | O13: =($E13/12)*O110*O122 -> 0 | P13: =($E13/12)*P110*P122 -> 0 | Q13: =($E13/12)*Q110*Q122 -> 0 | R13: =($E13/12)*R110*R122 -> 0 | ... BC13: =($E13/12)*BC110*BC122 -> 0
B14: Phase 4 | E14: ='Accom_Phase Schedule'!M56*12 -> 2388000 | H14: =B14 -> Phase 4 | I14: =SUM(K14:BC14) -> 3409926.2 | K14: =($E14/12)*K111*K123 -> 0 | L14: =($E14/12)*L111*L123 -> 0 | M14: =($E14/12)*M111*M123 -> 0 | N14: =($E14/12)*N111*N123 -> 0 | O14: =($E14/12)*O111*O123 -> 0 | P14: =($E14/12)*P111*P123 -> 0 | Q14: =($E14/12)*Q111*Q123 -> 0 | R14: =($E14/12)*R111*R123 -> 0 | ... BC14: =($E14/12)*BC111*BC123 -> 0
B15: Phase 5 | E15: ='Accom_Phase Schedule'!M57*12 -> 2160000 | H15: =B15 -> Phase 5 | I15: =SUM(K15:BC15) -> 1971600 | K15: =($E15/12)*K112*K124 -> 0 | L15: =($E15/12)*L112*L124 -> 0 | M15: =($E15/12)*M112*M124 -> 0 | N15: =($E15/12)*N112*N124 -> 0 | O15: =($E15/12)*O112*O124 -> 0 | P15: =($E15/12)*P112*P124 -> 0 | Q15: =($E15/12)*Q112*Q124 -> 0 | R15: =($E15/12)*R112*R124 -> 0 | ... BC15: =($E15/12)*BC112*BC124 -> 0
B17: Total Private | E17: =SUM(E11:E16) -> 10944000 | H17: =B17 -> Total Private | I17: =SUM(K17:BC17) -> 19734974 | K17: =SUM(K11:K15) -> 0 | L17: =SUM(L11:L15) -> 0 | M17: =SUM(M11:M15) -> 0 | N17: =SUM(N11:N15) -> 0 | O17: =SUM(O11:O15) -> 0 | P17: =SUM(P11:P15) -> 0 | Q17: =SUM(Q11:Q15) -> 0 | R17: =SUM(R11:R15) -> 0 | ... BC17: =SUM(BC11:BC15) -> 0
B19: Part V
B21: Phase | E21: Rent Roll p/a
B22: =B11 -> Phase 1 | E22: ='Accom_Phase Schedule'!N53*12 -> 105000 | H22: =B22 -> Phase 1 | I22: =SUM(K22:BC22) -> 305900 | K22: =($E22/12)*K108 -> 0 | L22: =($E22/12)*L108 -> 0 | M22: =($E22/12)*M108 -> 0 | N22: =($E22/12)*N108 -> 0 | O22: =($E22/12)*O108 -> 0 | P22: =($E22/12)*P108 -> 0 | Q22: =($E22/12)*Q108 -> 0 | R22: =($E22/12)*R108 -> 0 | ... BC22: =($E22/12)*BC108 -> 0
B23: =B12 -> Phase 2 | E23: ='Accom_Phase Schedule'!N54*12 -> 153000 | H23: =B23 -> Phase 2 | I23: =SUM(K23:BC23) -> 389257.5 | K23: =($E23/12)*K109 -> 0 | L23: =($E23/12)*L109 -> 0 | M23: =($E23/12)*M109 -> 0 | N23: =($E23/12)*N109 -> 0 | O23: =($E23/12)*O109 -> 0 | P23: =($E23/12)*P109 -> 0 | Q23: =($E23/12)*Q109 -> 0 | R23: =($E23/12)*R109 -> 0 | ... BC23: =($E23/12)*BC109 -> 0
B24: =B13 -> Phase 3 | E24: ='Accom_Phase Schedule'!N55*12 -> 288000 | H24: =B24 -> Phase 3 | I24: =SUM(K24:BC24) -> 601920 | K24: =($E24/12)*K110 -> 0 | L24: =($E24/12)*L110 -> 0 | M24: =($E24/12)*M110 -> 0 | N24: =($E24/12)*N110 -> 0 | O24: =($E24/12)*O110 -> 0 | P24: =($E24/12)*P110 -> 0 | Q24: =($E24/12)*Q110 -> 0 | R24: =($E24/12)*R110 -> 0 | ... BC24: =($E24/12)*BC110 -> 0
B25: =B14 -> Phase 4 | E25: ='Accom_Phase Schedule'!N56*12 -> 105000 | H25: =B25 -> Phase 4 | I25: =SUM(K25:BC25) -> 166950 | K25: =($E25/12)*K111 -> 0 | L25: =($E25/12)*L111 -> 0 | M25: =($E25/12)*M111 -> 0 | N25: =($E25/12)*N111 -> 0 | O25: =($E25/12)*O111 -> 0 | P25: =($E25/12)*P111 -> 0 | Q25: =($E25/12)*Q111 -> 0 | R25: =($E25/12)*R111 -> 0 | ... BC25: =($E25/12)*BC111 -> 0
B26: =B15 -> Phase 5 | E26: ='Accom_Phase Schedule'!N57*12 -> 144000 | H26: =B26 -> Phase 5 | I26: =SUM(K26:BC26) -> 152640 | K26: =($E26/12)*K112 -> 0 | L26: =($E26/12)*L112 -> 0 | M26: =($E26/12)*M112 -> 0 | N26: =($E26/12)*N112 -> 0 | O26: =($E26/12)*O112 -> 0 | P26: =($E26/12)*P112 -> 0 | Q26: =($E26/12)*Q112 -> 0 | R26: =($E26/12)*R112 -> 0 | ... BC26: =($E26/12)*BC112 -> 0
B28: Total Part V | E28: =SUM(E22:E27) -> 795000 | H28: =B28 -> Total Part V | I28: =SUM(K28:BC28) -> 1616667.5 | K28: =SUM(K22:K26) -> 0 | L28: =SUM(L22:L26) -> 0 | M28: =SUM(M22:M26) -> 0 | N28: =SUM(N22:N26) -> 0 | O28: =SUM(O22:O26) -> 0 | P28: =SUM(P22:P26) -> 0 | Q28: =SUM(Q22:Q26) -> 0 | R28: =SUM(R22:R26) -> 0 | ... BC28: =SUM(BC22:BC26) -> 0
B30: Gross Rent
B32: Total Gross Rent | E32: =E17+E28 -> 11739000 | H32: =B32 -> Total Gross Rent | I32: =SUM(K32:BC32) -> 21351642 | K32: =K17+K28 -> 0 | L32: =L17+L28 -> 0 | M32: =M17+M28 -> 0 | N32: =N17+N28 -> 0 | O32: =O17+O28 -> 0 | P32: =P17+P28 -> 0 | Q32: =Q17+Q28 -> 0 | R32: =R17+R28 -> 0 | ... BC32: =BC17+BC28 -> 0
B34: Residential Management
B36: Admin Costs
B38: Cost | C38: Assumption | D38: Frequency | E38: Per annum
B39: Accountancy | C39: 2500 | D39: Quarterly | E39: =C39*(IF(D39="monthly",12,IF(D39="Quarterly",4,2))) -> 10000 | H39: =B39 -> Accountancy | I39: =SUM(K39:BC39) -> -28987.5 | K39: =(K$17>0)*IF(MOD(DATEDIF($K$5,K$5,"m"),IF($D39="monthly",1,IF($D39="Quarterly",3,6)))=0,-$C39,0)*K$100 -> 0 | L39: =(L$17>0)*IF(MOD(DATEDIF($K$5,L$5,"m"),IF($D39="monthly",1,IF($D39="Quarterly",3,6)))=0,-$C39,0)*L$100 -> 0 | M39: =(M$17>0)*IF(MOD(DATEDIF($K$5,M$5,"m"),IF($D39="monthly",1,IF($D39="Quarterly",3,6)))=0,-$C39,0)*M$100 -> 0 | N39: =(N$17>0)*IF(MOD(DATEDIF($K$5,N$5,"m"),IF($D39="monthly",1,IF($D39="Quarterly",3,6)))=0,-$C39,0)*N$100 -> 0 | O39: =(O$17>0)*IF(MOD(DATEDIF($K$5,O$5,"m"),IF($D39="monthly",1,IF($D39="Quarterly",3,6)))=0,-$C39,0)*O$100 -> 0 | P39: =(P$17>0)*IF(MOD(DATEDIF($K$5,P$5,"m"),IF($D39="monthly",1,IF($D39="Quarterly",3,6)))=0,-$C39,0)*P$100 -> 0 | Q39: =(Q$17>0)*IF(MOD(DATEDIF($K$5,Q$5,"m"),IF($D39="monthly",1,IF($D39="Quarterly",3,6)))=0,-$C39,0)*Q$100 -> 0 | R39: =(R$17>0)*IF(MOD(DATEDIF($K$5,R$5,"m"),IF($D39="monthly",1,IF($D39="Quarterly",3,6)))=0,-$C39,0)*R$100 -> 0 | ... BC39: =(BC$17>0)*IF(MOD(DATEDIF($K$5,BC$5,"m"),IF($D39="monthly",1,IF($D39="Quarterly",3,6)))=0,-$C39,0)*BC$100 -> 0
B40: Insurance | C40: 15000 | D40: Bi-annual | E40: =C40*(IF(D40="monthly",12,IF(D40="Quarterly",4,2))) -> 30000 | H40: =B40 -> Insurance | I40: =SUM(K40:BC40) -> -79200 | K40: =(K$17>0)*IF(MOD(DATEDIF($K$5,K$5,"m"),IF($D40="monthly",1,IF($D40="Quarterly",3,6)))=0,-$C40,0)*K$100 -> 0 | L40: =(L$17>0)*IF(MOD(DATEDIF($K$5,L$5,"m"),IF($D40="monthly",1,IF($D40="Quarterly",3,6)))=0,-$C40,0)*L$100 -> 0 | M40: =(M$17>0)*IF(MOD(DATEDIF($K$5,M$5,"m"),IF($D40="monthly",1,IF($D40="Quarterly",3,6)))=0,-$C40,0)*M$100 -> 0 | N40: =(N$17>0)*IF(MOD(DATEDIF($K$5,N$5,"m"),IF($D40="monthly",1,IF($D40="Quarterly",3,6)))=0,-$C40,0)*N$100 -> 0 | O40: =(O$17>0)*IF(MOD(DATEDIF($K$5,O$5,"m"),IF($D40="monthly",1,IF($D40="Quarterly",3,6)))=0,-$C40,0)*O$100 -> 0 | P40: =(P$17>0)*IF(MOD(DATEDIF($K$5,P$5,"m"),IF($D40="monthly",1,IF($D40="Quarterly",3,6)))=0,-$C40,0)*P$100 -> 0 | Q40: =(Q$17>0)*IF(MOD(DATEDIF($K$5,Q$5,"m"),IF($D40="monthly",1,IF($D40="Quarterly",3,6)))=0,-$C40,0)*Q$100 -> 0 | R40: =(R$17>0)*IF(MOD(DATEDIF($K$5,R$5,"m"),IF($D40="monthly",1,IF($D40="Quarterly",3,6)))=0,-$C40,0)*R$100 -> 0 | ... BC40: =(BC$17>0)*IF(MOD(DATEDIF($K$5,BC$5,"m"),IF($D40="monthly",1,IF($D40="Quarterly",3,6)))=0,-$C40,0)*BC$100 -> 0
B41: Bank Charges | C41: 150 | D41: Monthly | E41: =C41*(IF(D41="monthly",12,IF(D41="Quarterly",4,2))) -> 1800 | H41: =B41 -> Bank Charges | I41: =SUM(K41:BC41) -> -5378.25 | K41: =(K$17>0)*IF(MOD(DATEDIF($K$5,K$5,"m"),IF($D41="monthly",1,IF($D41="Quarterly",3,6)))=0,-$C41,0)*K$100 -> 0 | L41: =(L$17>0)*IF(MOD(DATEDIF($K$5,L$5,"m"),IF($D41="monthly",1,IF($D41="Quarterly",3,6)))=0,-$C41,0)*L$100 -> 0 | M41: =(M$17>0)*IF(MOD(DATEDIF($K$5,M$5,"m"),IF($D41="monthly",1,IF($D41="Quarterly",3,6)))=0,-$C41,0)*M$100 -> 0 | N41: =(N$17>0)*IF(MOD(DATEDIF($K$5,N$5,"m"),IF($D41="monthly",1,IF($D41="Quarterly",3,6)))=0,-$C41,0)*N$100 -> 0 | O41: =(O$17>0)*IF(MOD(DATEDIF($K$5,O$5,"m"),IF($D41="monthly",1,IF($D41="Quarterly",3,6)))=0,-$C41,0)*O$100 -> 0 | P41: =(P$17>0)*IF(MOD(DATEDIF($K$5,P$5,"m"),IF($D41="monthly",1,IF($D41="Quarterly",3,6)))=0,-$C41,0)*P$100 -> 0 | Q41: =(Q$17>0)*IF(MOD(DATEDIF($K$5,Q$5,"m"),IF($D41="monthly",1,IF($D41="Quarterly",3,6)))=0,-$C41,0)*Q$100 -> 0 | R41: =(R$17>0)*IF(MOD(DATEDIF($K$5,R$5,"m"),IF($D41="monthly",1,IF($D41="Quarterly",3,6)))=0,-$C41,0)*R$100 -> 0 | ... BC41: =(BC$17>0)*IF(MOD(DATEDIF($K$5,BC$5,"m"),IF($D41="monthly",1,IF($D41="Quarterly",3,6)))=0,-$C41,0)*BC$100 -> 0
B42: Valuations | C42: 7500 | D42: Bi-annual | E42: =C42*(IF(D42="monthly",12,IF(D42="Quarterly",4,2))) -> 15000 | H42: =B42 -> Valuations | I42: =SUM(K42:BC42) -> -39600 | K42: =(K$17>0)*IF(MOD(DATEDIF($K$5,K$5,"m"),IF($D42="monthly",1,IF($D42="Quarterly",3,6)))=0,-$C42,0)*K$100 -> 0 | L42: =(L$17>0)*IF(MOD(DATEDIF($K$5,L$5,"m"),IF($D42="monthly",1,IF($D42="Quarterly",3,6)))=0,-$C42,0)*L$100 -> 0 | M42: =(M$17>0)*IF(MOD(DATEDIF($K$5,M$5,"m"),IF($D42="monthly",1,IF($D42="Quarterly",3,6)))=0,-$C42,0)*M$100 -> 0 | N42: =(N$17>0)*IF(MOD(DATEDIF($K$5,N$5,"m"),IF($D42="monthly",1,IF($D42="Quarterly",3,6)))=0,-$C42,0)*N$100 -> 0 | O42: =(O$17>0)*IF(MOD(DATEDIF($K$5,O$5,"m"),IF($D42="monthly",1,IF($D42="Quarterly",3,6)))=0,-$C42,0)*O$100 -> 0 | P42: =(P$17>0)*IF(MOD(DATEDIF($K$5,P$5,"m"),IF($D42="monthly",1,IF($D42="Quarterly",3,6)))=0,-$C42,0)*P$100 -> 0 | Q42: =(Q$17>0)*IF(MOD(DATEDIF($K$5,Q$5,"m"),IF($D42="monthly",1,IF($D42="Quarterly",3,6)))=0,-$C42,0)*Q$100 -> 0 | R42: =(R$17>0)*IF(MOD(DATEDIF($K$5,R$5,"m"),IF($D42="monthly",1,IF($D42="Quarterly",3,6)))=0,-$C42,0)*R$100 -> 0 | ... BC42: =(BC$17>0)*IF(MOD(DATEDIF($K$5,BC$5,"m"),IF($D42="monthly",1,IF($D42="Quarterly",3,6)))=0,-$C42,0)*BC$100 -> 0
E43: =C43*(IF(D43="monthly",12,IF(D43="Quarterly",4,2))) -> 0
B44: Total Admin Costs | E44: =SUM(E39:E43) -> 56800 | H44: =B44 -> Total Admin Costs | I44: =SUM(K44:BC44) -> -153165.75 | K44: =SUM(K39:K42) -> 0 | L44: =SUM(L39:L42) -> 0 | M44: =SUM(M39:M42) -> 0 | N44: =SUM(N39:N42) -> 0 | O44: =SUM(O39:O42) -> 0 | P44: =SUM(P39:P42) -> 0 | Q44: =SUM(Q39:Q42) -> 0 | R44: =SUM(R39:R42) -> 0 | ... BC44: =SUM(BC39:BC42) -> 0
B46: Property Costs
B48: Cost | C48: Assumption | D48: Measurement | E48: Per annum
B49: Local Property Tax p/a | C49: 600 | D49: per unit | E49: =C49*'Accom_Phase Schedule'!$D$45 -> 300000 | H49: =B49 -> Local Property Tax p/a | I49: =SUM(K49:BC49) -> -697800 | K49: {=(K$5<$C$99)*(SUMPRODUCT(--(K$5>='Accom_Phase Schedule'!$E$65:$E$69),--(MOD(MONTH(K$5),12)=MOD(MONTH('Accom_Phase Schedule'!$E$65:$E$69),12)),'Accom_Phase Schedule'!$J$53:$J$57)*-$C49)*K$100} -> 0 | L49: {=(L$5<$C$99)*(SUMPRODUCT(--(L$5>='Accom_Phase Schedule'!$E$65:$E$69),--(MOD(MONTH(L$5),12)=MOD(MONTH('Accom_Phase Schedule'!$E$65:$E$69),12)),'Accom_Phase Schedule'!$J$53:$J$57)*-$C49)*L$100} -> 0 | M49: {=(M$5<$C$99)*(SUMPRODUCT(--(M$5>='Accom_Phase Schedule'!$E$65:$E$69),--(MOD(MONTH(M$5),12)=MOD(MONTH('Accom_Phase Schedule'!$E$65:$E$69),12)),'Accom_Phase Schedule'!$J$53:$J$57)*-$C49)*M$100} -> 0 | N49: {=(N$5<$C$99)*(SUMPRODUCT(--(N$5>='Accom_Phase Schedule'!$E$65:$E$69),--(MOD(MONTH(N$5),12)=MOD(MONTH('Accom_Phase Schedule'!$E$65:$E$69),12)),'Accom_Phase Schedule'!$J$53:$J$57)*-$C49)*N$100} -> 0 | O49: {=(O$5<$C$99)*(SUMPRODUCT(--(O$5>='Accom_Phase Schedule'!$E$65:$E$69),--(MOD(MONTH(O$5),12)=MOD(MONTH('Accom_Phase Schedule'!$E$65:$E$69),12)),'Accom_Phase Schedule'!$J$53:$J$57)*-$C49)*O$100} -> 0 | P49: {=(P$5<$C$99)*(SUMPRODUCT(--(P$5>='Accom_Phase Schedule'!$E$65:$E$69),--(MOD(MONTH(P$5),12)=MOD(MONTH('Accom_Phase Schedule'!$E$65:$E$69),12)),'Accom_Phase Schedule'!$J$53:$J$57)*-$C49)*P$100} -> 0 | Q49: {=(Q$5<$C$99)*(SUMPRODUCT(--(Q$5>='Accom_Phase Schedule'!$E$65:$E$69),--(MOD(MONTH(Q$5),12)=MOD(MONTH('Accom_Phase Schedule'!$E$65:$E$69),12)),'Accom_Phase Schedule'!$J$53:$J$57)*-$C49)*Q$100} -> 0 | R49: {=(R$5<$C$99)*(SUMPRODUCT(--(R$5>='Accom_Phase Schedule'!$E$65:$E$69),--(MOD(MONTH(R$5),12)=MOD(MONTH('Accom_Phase Schedule'!$E$65:$E$69),12)),'Accom_Phase Schedule'!$J$53:$J$57)*-$C49)*R$100} -> 0 | ... BC49: {=(BC$5<$C$99)*(SUMPRODUCT(--(BC$5>='Accom_Phase Schedule'!$E$65:$E$69),--(MOD(MONTH(BC$5),12)=MOD(MONTH('Accom_Phase Schedule'!$E$65:$E$69),12)),'Accom_Phase Schedule'!$J$53:$J$57)*-$C49)*BC$100} -> 0
B50: RTB Registrations | C50: 120 | D50: per unit | E50: =C50*'Accom_Phase Schedule'!$D$45 -> 60000 | H50: =B50 -> RTB Registrations | I50: =SUM(K50:BC50) -> -65746.254 | K50: =(K5<$C$99)*((K128-J128)*-$C$50+AND(K5>EDATE('Accom_Phase Schedule'!$E$65,12),K5<$C$99)*-$C$103*($C$50/12)*(K$128/MAX($K$128:$BC$128)))*K$100 -> 0 | L50: =(L5<$C$99)*((L128-K128)*-$C$50+AND(L5>EDATE('Accom_Phase Schedule'!$E$65,12),L5<$C$99)*-$C$103*($C$50/12)*(L$128/MAX($K$128:$BC$128)))*L$100 -> 0 | M50: =(M5<$C$99)*((M128-L128)*-$C$50+AND(M5>EDATE('Accom_Phase Schedule'!$E$65,12),M5<$C$99)*-$C$103*($C$50/12)*(M$128/MAX($K$128:$BC$128)))*M$100 -> 0 | N50: =(N5<$C$99)*((N128-M128)*-$C$50+AND(N5>EDATE('Accom_Phase Schedule'!$E$65,12),N5<$C$99)*-$C$103*($C$50/12)*(N$128/MAX($K$128:$BC$128)))*N$100 -> 0 | O50: =(O5<$C$99)*((O128-N128)*-$C$50+AND(O5>EDATE('Accom_Phase Schedule'!$E$65,12),O5<$C$99)*-$C$103*($C$50/12)*(O$128/MAX($K$128:$BC$128)))*O$100 -> 0 | P50: =(P5<$C$99)*((P128-O128)*-$C$50+AND(P5>EDATE('Accom_Phase Schedule'!$E$65,12),P5<$C$99)*-$C$103*($C$50/12)*(P$128/MAX($K$128:$BC$128)))*P$100 -> 0 | Q50: =(Q5<$C$99)*((Q128-P128)*-$C$50+AND(Q5>EDATE('Accom_Phase Schedule'!$E$65,12),Q5<$C$99)*-$C$103*($C$50/12)*(Q$128/MAX($K$128:$BC$128)))*Q$100 -> 0 | R50: =(R5<$C$99)*((R128-Q128)*-$C$50+AND(R5>EDATE('Accom_Phase Schedule'!$E$65,12),R5<$C$99)*-$C$103*($C$50/12)*(R$128/MAX($K$128:$BC$128)))*R$100 -> 0 | ... BC50: =(BC5<$C$99)*((BC128-BB128)*-$C$50+AND(BC5>EDATE('Accom_Phase Schedule'!$E$65,12),BC5<$C$99)*-$C$103*($C$50/12)*(BC$128/MAX($K$128:$BC$128)))*BC$100 -> 0
B51: Block Management p/a | C51: 400 | D51: per unit | E51: =C51*'Accom_Phase Schedule'!$D$45 -> 200000 | H51: =B51 -> Block Management p/a | I51: =SUM(K51:BC51) -> -393571.43 | K51: =((K$128/MAX($K$128:$BC$128))*-($E51/12))*K$100 -> 0 | L51: =((L$128/MAX($K$128:$BC$128))*-($E51/12))*L$100 -> 0 | M51: =((M$128/MAX($K$128:$BC$128))*-($E51/12))*M$100 -> 0 | N51: =((N$128/MAX($K$128:$BC$128))*-($E51/12))*N$100 -> 0 | O51: =((O$128/MAX($K$128:$BC$128))*-($E51/12))*O$100 -> 0 | P51: =((P$128/MAX($K$128:$BC$128))*-($E51/12))*P$100 -> 0 | Q51: =((Q$128/MAX($K$128:$BC$128))*-($E51/12))*Q$100 -> 0 | R51: =((R$128/MAX($K$128:$BC$128))*-($E51/12))*R$100 -> 0 | ... BC51: =((BC$128/MAX($K$128:$BC$128))*-($E51/12))*BC$100 -> 0
B52: Estate Management p/a | C52: 350 | D52: per unit | E52: =C52*'Accom_Phase Schedule'!$D$45 -> 175000 | H52: =B52 -> Estate Management p/a | I52: =SUM(K52:BC52) -> -344375 | K52: =((K$128/MAX($K$128:$BC$128))*-($E52/12))*K$100 -> 0 | L52: =((L$128/MAX($K$128:$BC$128))*-($E52/12))*L$100 -> 0 | M52: =((M$128/MAX($K$128:$BC$128))*-($E52/12))*M$100 -> 0 | N52: =((N$128/MAX($K$128:$BC$128))*-($E52/12))*N$100 -> 0 | O52: =((O$128/MAX($K$128:$BC$128))*-($E52/12))*O$100 -> 0 | P52: =((P$128/MAX($K$128:$BC$128))*-($E52/12))*P$100 -> 0 | Q52: =((Q$128/MAX($K$128:$BC$128))*-($E52/12))*Q$100 -> 0 | R52: =((R$128/MAX($K$128:$BC$128))*-($E52/12))*R$100 -> 0 | ... BC52: =((BC$128/MAX($K$128:$BC$128))*-($E52/12))*BC$100 -> 0
B53: Maintenance Cost p/a | C53: 500 | D53: per unit | E53: =C53*'Accom_Phase Schedule'!$D$45 -> 250000 | H53: =B53 -> Maintenance Cost p/a | I53: =SUM(K53:BC53) -> -491964.29 | K53: =((K$128/MAX($K$128:$BC$128))*-($E53/12))*K$100 -> 0 | L53: =((L$128/MAX($K$128:$BC$128))*-($E53/12))*L$100 -> 0 | M53: =((M$128/MAX($K$128:$BC$128))*-($E53/12))*M$100 -> 0 | N53: =((N$128/MAX($K$128:$BC$128))*-($E53/12))*N$100 -> 0 | O53: =((O$128/MAX($K$128:$BC$128))*-($E53/12))*O$100 -> 0 | P53: =((P$128/MAX($K$128:$BC$128))*-($E53/12))*P$100 -> 0 | Q53: =((Q$128/MAX($K$128:$BC$128))*-($E53/12))*Q$100 -> 0 | R53: =((R$128/MAX($K$128:$BC$128))*-($E53/12))*R$100 -> 0 | ... BC53: =((BC$128/MAX($K$128:$BC$128))*-($E53/12))*BC$100 -> 0
B54: Furniture Expense p/a | C54: 500 | D54: per unit | E54: =C54*'Accom_Phase Schedule'!$D$45 -> 250000 | H54: =B54 -> Furniture Expense p/a | I54: =SUM(K54:BC54) -> -491964.29 | K54: =((K$128/MAX($K$128:$BC$128))*-($E54/12))*K$100 -> 0 | L54: =((L$128/MAX($K$128:$BC$128))*-($E54/12))*L$100 -> 0 | M54: =((M$128/MAX($K$128:$BC$128))*-($E54/12))*M$100 -> 0 | N54: =((N$128/MAX($K$128:$BC$128))*-($E54/12))*N$100 -> 0 | O54: =((O$128/MAX($K$128:$BC$128))*-($E54/12))*O$100 -> 0 | P54: =((P$128/MAX($K$128:$BC$128))*-($E54/12))*P$100 -> 0 | Q54: =((Q$128/MAX($K$128:$BC$128))*-($E54/12))*Q$100 -> 0 | R54: =((R$128/MAX($K$128:$BC$128))*-($E54/12))*R$100 -> 0 | ... BC54: =((BC$128/MAX($K$128:$BC$128))*-($E54/12))*BC$100 -> 0
B56: Total Property Costs | E56: =SUM(E49:E55) -> 1235000 | H56: =B56 -> Total Property Costs | I56: =SUM(K56:BC56) -> -2485421.3 | K56: =SUM(K49:K55) -> 0 | L56: =SUM(L49:L55) -> 0 | M56: =SUM(M49:M55) -> 0 | N56: =SUM(N49:N55) -> 0 | O56: =SUM(O49:O55) -> 0 | P56: =SUM(P49:P55) -> 0 | Q56: =SUM(Q49:Q55) -> 0 | R56: =SUM(R49:R55) -> 0 | ... BC56: =SUM(BC49:BC55) -> 0
B58: Self Management Costs
B60: Cost | C60: Cost | D60: Personel | E60: Per annum
B61: Rental Marketing | C61: 10000 | E61: =C61 -> 10000 | H61: =B61 -> Rental Marketing | I61: =SUM(K61:BC61) -> -28333.333 | K61: =(K32>0)*(-$E$61/12)*K$100 -> 0 | L61: =(L32>0)*-$E$61/12 -> 0 | M61: =(M32>0)*-$E$61/12 -> 0 | N61: =(N32>0)*-$E$61/12 -> 0 | O61: =(O32>0)*-$E$61/12 -> 0 | P61: =(P32>0)*-$E$61/12 -> 0 | Q61: =(Q32>0)*-$E$61/12 -> 0 | R61: =(R32>0)*-$E$61/12 -> 0 | S61: =(S32>0)*-$E$61/12 -> -833.33333 | ... BC61: =(BC32>0)*-$E$61/12 -> 0
B62: Manager / Front of House Payroll | C62: 50000 | D62: 3 | E62: =C62*D62 -> 150000 | H62: =B62 -> Manager / Front of House Payroll | I62: =SUM(K62:BC62) -> -295178.57 | K62: =((K$128/MAX($K$128:$BC$128))*-($E62/12))*K$100 -> 0 | L62: =((L$128/MAX($K$128:$BC$128))*-($E62/12))*L$100 -> 0 | M62: =((M$128/MAX($K$128:$BC$128))*-($E62/12))*M$100 -> 0 | N62: =((N$128/MAX($K$128:$BC$128))*-($E62/12))*N$100 -> 0 | O62: =((O$128/MAX($K$128:$BC$128))*-($E62/12))*O$100 -> 0 | P62: =((P$128/MAX($K$128:$BC$128))*-($E62/12))*P$100 -> 0 | Q62: =((Q$128/MAX($K$128:$BC$128))*-($E62/12))*Q$100 -> 0 | R62: =((R$128/MAX($K$128:$BC$128))*-($E62/12))*R$100 -> 0 | ... BC62: =((BC$128/MAX($K$128:$BC$128))*-($E62/12))*BC$100 -> 0
B63: Asst Manager / Front of House Payroll | C63: 36000 | D63: 4 | E63: =C63*D63 -> 144000 | H63: =B63 -> Asst Manager / Front of House Payroll | I63: =SUM(K63:BC63) -> -283371.43 | K63: =((K$128/MAX($K$128:$BC$128))*-($E63/12))*K$100 -> 0 | L63: =((L$128/MAX($K$128:$BC$128))*-($E63/12))*L$100 -> 0 | M63: =((M$128/MAX($K$128:$BC$128))*-($E63/12))*M$100 -> 0 | N63: =((N$128/MAX($K$128:$BC$128))*-($E63/12))*N$100 -> 0 | O63: =((O$128/MAX($K$128:$BC$128))*-($E63/12))*O$100 -> 0 | P63: =((P$128/MAX($K$128:$BC$128))*-($E63/12))*P$100 -> 0 | Q63: =((Q$128/MAX($K$128:$BC$128))*-($E63/12))*Q$100 -> 0 | R63: =((R$128/MAX($K$128:$BC$128))*-($E63/12))*R$100 -> 0 | ... BC63: =((BC$128/MAX($K$128:$BC$128))*-($E63/12))*BC$100 -> 0
B64: Leasing Agent | C64: 40000 | D64: 3 | E64: =C64*D64 -> 120000 | H64: =B64 -> Leasing Agent | I64: =SUM(K64:BC64) -> -236142.86 | K64: =((K$128/MAX($K$128:$BC$128))*-($E64/12))*K$100 -> 0 | L64: =((L$128/MAX($K$128:$BC$128))*-($E64/12))*L$100 -> 0 | M64: =((M$128/MAX($K$128:$BC$128))*-($E64/12))*M$100 -> 0 | N64: =((N$128/MAX($K$128:$BC$128))*-($E64/12))*N$100 -> 0 | O64: =((O$128/MAX($K$128:$BC$128))*-($E64/12))*O$100 -> 0 | P64: =((P$128/MAX($K$128:$BC$128))*-($E64/12))*P$100 -> 0 | Q64: =((Q$128/MAX($K$128:$BC$128))*-($E64/12))*Q$100 -> 0 | R64: =((R$128/MAX($K$128:$BC$128))*-($E64/12))*R$100 -> 0 | ... BC64: =((BC$128/MAX($K$128:$BC$128))*-($E64/12))*BC$100 -> 0
B65: Senior Maintenance | C65: 45000 | D65: 4 | E65: =C65*D65 -> 180000 | H65: =B65 -> Senior Maintenance | I65: =SUM(K65:BC65) -> -354214.29 | K65: =((K$128/MAX($K$128:$BC$128))*-($E65/12))*K$100 -> 0 | L65: =((L$128/MAX($K$128:$BC$128))*-($E65/12))*L$100 -> 0 | M65: =((M$128/MAX($K$128:$BC$128))*-($E65/12))*M$100 -> 0 | N65: =((N$128/MAX($K$128:$BC$128))*-($E65/12))*N$100 -> 0 | O65: =((O$128/MAX($K$128:$BC$128))*-($E65/12))*O$100 -> 0 | P65: =((P$128/MAX($K$128:$BC$128))*-($E65/12))*P$100 -> 0 | Q65: =((Q$128/MAX($K$128:$BC$128))*-($E65/12))*Q$100 -> 0 | R65: =((R$128/MAX($K$128:$BC$128))*-($E65/12))*R$100 -> 0 | ... BC65: =((BC$128/MAX($K$128:$BC$128))*-($E65/12))*BC$100 -> 0
B66: Assistant Maintenance | C66: 30000 | D66: 6 | E66: =C66*D66 -> 180000 | H66: =B66 -> Assistant Maintenance | I66: =SUM(K66:BC66) -> -354214.29 | K66: =((K$128/MAX($K$128:$BC$128))*-($E66/12))*K$100 -> 0 | L66: =((L$128/MAX($K$128:$BC$128))*-($E66/12))*L$100 -> 0 | M66: =((M$128/MAX($K$128:$BC$128))*-($E66/12))*M$100 -> 0 | N66: =((N$128/MAX($K$128:$BC$128))*-($E66/12))*N$100 -> 0 | O66: =((O$128/MAX($K$128:$BC$128))*-($E66/12))*O$100 -> 0 | P66: =((P$128/MAX($K$128:$BC$128))*-($E66/12))*P$100 -> 0 | Q66: =((Q$128/MAX($K$128:$BC$128))*-($E66/12))*Q$100 -> 0 | R66: =((R$128/MAX($K$128:$BC$128))*-($E66/12))*R$100 -> 0 | ... BC66: =((BC$128/MAX($K$128:$BC$128))*-($E66/12))*BC$100 -> 0
B67: Concierge | C67: 27500 | D67: 4 | E67: =C67*D67 -> 110000 | H67: =B67 -> Concierge | I67: =SUM(K67:BC67) -> -216464.29 | K67: =((K$128/MAX($K$128:$BC$128))*-($E67/12))*K$100 -> 0 | L67: =((L$128/MAX($K$128:$BC$128))*-($E67/12))*L$100 -> 0 | M67: =((M$128/MAX($K$128:$BC$128))*-($E67/12))*M$100 -> 0 | N67: =((N$128/MAX($K$128:$BC$128))*-($E67/12))*N$100 -> 0 | O67: =((O$128/MAX($K$128:$BC$128))*-($E67/12))*O$100 -> 0 | P67: =((P$128/MAX($K$128:$BC$128))*-($E67/12))*P$100 -> 0 | Q67: =((Q$128/MAX($K$128:$BC$128))*-($E67/12))*Q$100 -> 0 | R67: =((R$128/MAX($K$128:$BC$128))*-($E67/12))*R$100 -> 0 | ... BC67: =((BC$128/MAX($K$128:$BC$128))*-($E67/12))*BC$100 -> 0
B68: Initial Letting fee | C68: 500 | E68: =C103*C68 -> 11500 | H68: =B68 -> Initial Letting fee | I68: =SUM(K68:BC68) -> -247434.3 | L68: =(L5<$C$99)*((L126-K126)*-$C$68+AND(L5>EDATE('Accom_Phase Schedule'!$E$65,12),L5<$C$99)*-$C$103*($C$68/12)*(L$128/MAX($K$128:$BC$128)))*K$100 -> 0 | M68: =(M5<$C$99)*((M126-L126)*-$C$68+AND(M5>EDATE('Accom_Phase Schedule'!$E$65,12),M5<$C$99)*-$C$103*($C$68/12)*(M$128/MAX($K$128:$BC$128)))*L$100 -> 0 | N68: =(N5<$C$99)*((N126-M126)*-$C$68+AND(N5>EDATE('Accom_Phase Schedule'!$E$65,12),N5<$C$99)*-$C$103*($C$68/12)*(N$128/MAX($K$128:$BC$128)))*M$100 -> 0 | O68: =(O5<$C$99)*((O126-N126)*-$C$68+AND(O5>EDATE('Accom_Phase Schedule'!$E$65,12),O5<$C$99)*-$C$103*($C$68/12)*(O$128/MAX($K$128:$BC$128)))*N$100 -> 0 | P68: =(P5<$C$99)*((P126-O126)*-$C$68+AND(P5>EDATE('Accom_Phase Schedule'!$E$65,12),P5<$C$99)*-$C$103*($C$68/12)*(P$128/MAX($K$128:$BC$128)))*O$100 -> 0 | Q68: =(Q5<$C$99)*((Q126-P126)*-$C$68+AND(Q5>EDATE('Accom_Phase Schedule'!$E$65,12),Q5<$C$99)*-$C$103*($C$68/12)*(Q$128/MAX($K$128:$BC$128)))*P$100 -> 0 | R68: =(R5<$C$99)*((R126-Q126)*-$C$68+AND(R5>EDATE('Accom_Phase Schedule'!$E$65,12),R5<$C$99)*-$C$103*($C$68/12)*(R$128/MAX($K$128:$BC$128)))*Q$100 -> 0 | S68: =(S5<$C$99)*((S126-R126)*-$C$68+AND(S5>EDATE('Accom_Phase Schedule'!$E$65,12),S5<$C$99)*-$C$103*($C$68/12)*(S$128/MAX($K$128:$BC$128)))*R$100 -> -11500 | ... BC68: =(BC5<$C$99)*((BC126-BB126)*-$C$68+AND(BC5>EDATE('Accom_Phase Schedule'!$E$65,12),BC5<$C$99)*-$C$103*($C$68/12)*(BC$128/MAX($K$128:$BC$128)))*BB$100 -> 0
B69: Software | C69: 20000 | E69: =C69 -> 20000 | H69: =B69 -> Software | I69: =SUM(K69:BC69) -> -59583.333 | K69: =(K32>0)*-$E$69/12 -> 0 | L69: =(L32>0)*(-$E$69/12)*K$100 -> 0 | M69: =(M32>0)*(-$E$69/12)*L$100 -> 0 | N69: =(N32>0)*(-$E$69/12)*M$100 -> 0 | O69: =(O32>0)*(-$E$69/12)*N$100 -> 0 | P69: =(P32>0)*(-$E$69/12)*O$100 -> 0 | Q69: =(Q32>0)*(-$E$69/12)*P$100 -> 0 | R69: =(R32>0)*(-$E$69/12)*Q$100 -> 0 | S69: =(S32>0)*(-$E$69/12)*R$100 -> -1666.6667 | ... BC69: =(BC32>0)*(-$E$69/12)*BB$100 -> 0
B71: Total self Management Cost | E71: =SUM(E61:E70) -> 925500 | H71: =B71 -> Total self Management Cost | I71: =SUM(K71:BC71) -> -2074936.7 | K71: =SUM(K61:K69) -> 0 | L71: =SUM(L61:L69) -> 0 | M71: =SUM(M61:M69) -> 0 | N71: =SUM(N61:N69) -> 0 | O71: =SUM(O61:O69) -> 0 | P71: =SUM(P61:P69) -> 0 | Q71: =SUM(Q61:Q69) -> 0 | R71: =SUM(R61:R69) -> 0 | ... BC71: =SUM(BC61:BC69) -> 0
B73: Total Management Costs
B75: Total Management Cost | E75: =E44+E56+E71 -> 2217300 | H75: =B75 -> Total Management Cost | I75: =SUM(K75:BC75) -> -4713523.7 | K75: =K71+K56+K44 -> 0 | L75: =L71+L56+L44 -> 0 | M75: =M71+M56+M44 -> 0 | N75: =N71+N56+N44 -> 0 | O75: =O71+O56+O44 -> 0 | P75: =P71+P56+P44 -> 0 | Q75: =Q71+Q56+Q44 -> 0 | R75: =R71+R56+R44 -> 0 | ... BC75: =BC71+BC56+BC44 -> 0
B77: Cash Flow before Finance | E77: =E32-E75 -> 9521700 | H77: =B77 -> Cash Flow before Finance | I77: =SUM(K77:BC77) -> 16638118 | K77: =K32+K75 -> 0 | L77: =L32+L75 -> 0 | M77: =M32+M75 -> 0 | N77: =N32+N75 -> 0 | O77: =O32+O75 -> 0 | P77: =P32+P75 -> 0 | Q77: =Q32+Q75 -> 0 | R77: =R32+R75 -> 0 | ... BC77: =BC32+BC75 -> 0
B79: Finance
B81: Investment Finance
B83: Loan to Value | C83: 0.65 | D83: =C83*'Accom_Phase Schedule'!M70 -> 95379375
B84: Interest | C84: 0.025 | H84: Investment Finance Drawdown | I84: =SUM(J84:BC84) -> 95379375 | K84: =SUMIF('Accom_Phase Schedule'!$E$65:$E$69,K5,'Accom_Phase Schedule'!$N$65:$N$69) -> 0 | L84: =SUMIF('Accom_Phase Schedule'!$E$65:$E$69,L5,'Accom_Phase Schedule'!$N$65:$N$69) -> 0 | M84: =SUMIF('Accom_Phase Schedule'!$E$65:$E$69,M5,'Accom_Phase Schedule'!$N$65:$N$69) -> 0 | N84: =SUMIF('Accom_Phase Schedule'!$E$65:$E$69,N5,'Accom_Phase Schedule'!$N$65:$N$69) -> 0 | O84: =SUMIF('Accom_Phase Schedule'!$E$65:$E$69,O5,'Accom_Phase Schedule'!$N$65:$N$69) -> 0 | P84: =SUMIF('Accom_Phase Schedule'!$E$65:$E$69,P5,'Accom_Phase Schedule'!$N$65:$N$69) -> 0 | Q84: =SUMIF('Accom_Phase Schedule'!$E$65:$E$69,Q5,'Accom_Phase Schedule'!$N$65:$N$69) -> 0 | R84: =SUMIF('Accom_Phase Schedule'!$E$65:$E$69,R5,'Accom_Phase Schedule'!$N$65:$N$69) -> 0 | ... BC84: =SUMIF('Accom_Phase Schedule'!$E$65:$E$69,BC5,'Accom_Phase Schedule'!$N$65:$N$69) -> 0
B85: Gross Cap Rate | C85: 0.08 | H85: Beginning Balance | K85: =K84+J89 -> 0 | L85: =L84+K89 -> 0 | M85: =M84+L89 -> 0 | N85: =N84+M89 -> 0 | O85: =O84+N89 -> 0 | P85: =P84+O89 -> 0 | Q85: =Q84+P89 -> 0 | R85: =R84+Q89 -> 0 | ... BC85: =BC84+BB89 -> 0
B86: Amortisation | C86: 30 | H86: Payment | I86: =SUM(J86:BC86) -> 99914801 | K86: =IF(K5=$C$99,K85+K85*((1+$C$84)^(1/12)-1),(K85>0)*-PMT($C$84/12,$C$86*12,K85)) -> 0 | L86: =IF(L5=$C$99,L85+L85*((1+$C$84)^(1/12)-1),(L85>0)*-PMT($C$84/12,$C$86*12,L85)) -> 0 | M86: =IF(M5=$C$99,M85+M85*((1+$C$84)^(1/12)-1),(M85>0)*-PMT($C$84/12,$C$86*12,M85)) -> 0 | N86: =IF(N5=$C$99,N85+N85*((1+$C$84)^(1/12)-1),(N85>0)*-PMT($C$84/12,$C$86*12,N85)) -> 0 | O86: =IF(O5=$C$99,O85+O85*((1+$C$84)^(1/12)-1),(O85>0)*-PMT($C$84/12,$C$86*12,O85)) -> 0 | P86: =IF(P5=$C$99,P85+P85*((1+$C$84)^(1/12)-1),(P85>0)*-PMT($C$84/12,$C$86*12,P85)) -> 0 | Q86: =IF(Q5=$C$99,Q85+Q85*((1+$C$84)^(1/12)-1),(Q85>0)*-PMT($C$84/12,$C$86*12,Q85)) -> 0 | R86: =IF(R5=$C$99,R85+R85*((1+$C$84)^(1/12)-1),(R85>0)*-PMT($C$84/12,$C$86*12,R85)) -> 0 | ... BC86: =IF(BC5=$C$99,BC85+BC85*((1+$C$84)^(1/12)-1),(BC85>0)*-PMT($C$84/12,$C$86*12,BC85)) -> 0
B87: Interest Payment p/a | C87: =D83*C84 -> 2384484.4 | H87: Interest | I87: =SUM(J87:BC87) -> 4535426.5 | K87: =K85*((1+$C$84)^(1/12)-1) -> 0 | L87: =L85*((1+$C$84)^(1/12)-1) -> 0 | M87: =M85*((1+$C$84)^(1/12)-1) -> 0 | N87: =N85*((1+$C$84)^(1/12)-1) -> 0 | O87: =O85*((1+$C$84)^(1/12)-1) -> 0 | P87: =P85*((1+$C$84)^(1/12)-1) -> 0 | Q87: =Q85*((1+$C$84)^(1/12)-1) -> 0 | R87: =R85*((1+$C$84)^(1/12)-1) -> 0 | ... BC87: =BC85*((1+$C$84)^(1/12)-1) -> 0
B88: Capital payment p/a | C88: =(-PMT(C84/12,C86*12,D83)*12)-C87 -> 2137881.8 | H88: Capital Payment | I88: =SUM(J88:BC88) -> 95379375 | K88: =K86-K87 -> 0 | L88: =L86-L87 -> 0 | M88: =M86-M87 -> 0 | N88: =N86-N87 -> 0 | O88: =O86-O87 -> 0 | P88: =P86-P87 -> 0 | Q88: =Q86-Q87 -> 0 | R88: =R86-R87 -> 0 | ... BC88: =BC86-BC87 -> 0
B89: Stabilised NOI | C89: =E77-C87-C88 -> 4999333.9 | H89: Ending Balance | K89: =K85-K88 -> 0 | L89: =L85-L88 -> 0 | M89: =M85-M88 -> 0 | N89: =N85-N88 -> 0 | O89: =O85-O88 -> 0 | P89: =P85-P88 -> 0 | Q89: =Q85-Q88 -> 0 | R89: =R85-R88 -> 0 | ... BC89: =BC85-BC88 -> 0
B90: DSCR | C90: =E77/SUM(C87:C88) -> 2.1054686
B92: Cash Flow After Finance
B94: CFAF | E94: =E77-C87-C88 -> 4999333.9 | H94: CFAF | I94: =SUM(J94:BC94) -> 12102692 | K94: =K32+K75+K84-K86 -> 0 | L94: =L32+L75+L84-L86 -> 0 | M94: =M32+M75+M84-M86 -> 0 | N94: =N32+N75+N84-N86 -> 0 | O94: =O32+O75+O84-O86 -> 0 | P94: =P32+P75+P84-P86 -> 0 | Q94: =Q32+Q75+Q84-Q86 -> 0 | R94: =R32+R75+R84-R86 -> 0 | ... BC94: =BC32+BC75+BC84-BC86 -> 0
B96: Rental Growth and Vacancy
B98: Rental Growth | C98: 0.03 | D98: per annum | H98: Year | K98: 1 | L98: 1 | M98: 1 | N98: 1 | O98: 1 | P98: 1 | Q98: 1 | R98: 1 | S98: 1 | T98: 1 | U98: 1 | V98: 1 | W98: 2 | X98: 2 | Y98: 2 | Z98: 2 | AA98: 2 | AB98: 2 | AC98: 2 | AD98: 2 | AE98: 2 | AF98: 2 | AG98: 2 | AH98: 2 | AI98: 3 | AJ98: 3 | AK98: 3 | AL98: 3 | AM98: 3 | AN98: 3 | AO98: 3 | AP98: 3 | AQ98: 3 | AR98: 3 | AS98: 3 | AT98: 3 | AU98: 3 | AV98: 4 | AW98: 4 | AX98: 4 | AY98: 4 | AZ98: 4 | BA98: 4 | BB98: 4 | BC98: 4
B99: Sale Date | C99: 45474 | H99: Rental Growth | K99: =IF(K98>J98,1+$C$98*(K98-1),J99) -> 1 | L99: =IF(L98>K98,1+$C$98*(L98-1),K99) -> 1 | M99: =IF(M98>L98,1+$C$98*(M98-1),L99) -> 1 | N99: =IF(N98>M98,1+$C$98*(N98-1),M99) -> 1 | O99: =IF(O98>N98,1+$C$98*(O98-1),N99) -> 1 | P99: =IF(P98>O98,1+$C$98*(P98-1),O99) -> 1 | Q99: =IF(Q98>P98,1+$C$98*(Q98-1),P99) -> 1 | R99: =IF(R98>Q98,1+$C$98*(R98-1),Q99) -> 1 | ... BC99: =IF(BC98>BB98,1+$C$98*(BC98-1),BB99) -> 1.09
B100: Lease Up | C100: 4 | D100: per phase | H100: Management Cost Growth | K100: =IF(K98>J98,1+$C$106*(K98-1),J100) -> 1 | L100: =IF(L98>K98,1+$C$106*(L98-1),K100) -> 1 | M100: =IF(M98>L98,1+$C$106*(M98-1),L100) -> 1 | N100: =IF(N98>M98,1+$C$106*(N98-1),M100) -> 1 | O100: =IF(O98>N98,1+$C$106*(O98-1),N100) -> 1 | P100: =IF(P98>O98,1+$C$106*(P98-1),O100) -> 1 | Q100: =IF(Q98>P98,1+$C$106*(Q98-1),P100) -> 1 | R100: =IF(R98>Q98,1+$C$106*(R98-1),Q100) -> 1 | ... BC100: =IF(BC98>BB98,1+$C$106*(BC98-1),BB100) -> 1.105
B102: Cost | D102: Measurement | E102: Assumption | H102: Phase 1 Term | K102: =(K$5<$C$99)*IFERROR(DATEDIF('Accom_Phase Schedule'!$E65,K$5,"y")+1,0) -> 0 | L102: =(L$5<$C$99)*IFERROR(DATEDIF('Accom_Phase Schedule'!$E65,L$5,"y")+1,0) -> 0 | M102: =(M$5<$C$99)*IFERROR(DATEDIF('Accom_Phase Schedule'!$E65,M$5,"y")+1,0) -> 0 | N102: =(N$5<$C$99)*IFERROR(DATEDIF('Accom_Phase Schedule'!$E65,N$5,"y")+1,0) -> 0 | O102: =(O$5<$C$99)*IFERROR(DATEDIF('Accom_Phase Schedule'!$E65,O$5,"y")+1,0) -> 0 | P102: =(P$5<$C$99)*IFERROR(DATEDIF('Accom_Phase Schedule'!$E65,P$5,"y")+1,0) -> 0 | Q102: =(Q$5<$C$99)*IFERROR(DATEDIF('Accom_Phase Schedule'!$E65,Q$5,"y")+1,0) -> 0 | R102: =(R$5<$C$99)*IFERROR(DATEDIF('Accom_Phase Schedule'!$E65,R$5,"y")+1,0) -> 0 | ... BC102: =(BC$5<$C$99)*IFERROR(DATEDIF('Accom_Phase Schedule'!$E65,BC$5,"y")+1,0) -> 0
B103: Lease breaks | C103: =ROUND(E103*'Accom_Phase Schedule'!J45,0) -> 23 | D103: per annum | E103: 0.05 | H103: Phase 2 Term | K103: =(K$5<$C$99)*IFERROR(DATEDIF('Accom_Phase Schedule'!$E66,K$5,"y")+1,0) -> 0 | L103: =(L$5<$C$99)*IFERROR(DATEDIF('Accom_Phase Schedule'!$E66,L$5,"y")+1,0) -> 0 | M103: =(M$5<$C$99)*IFERROR(DATEDIF('Accom_Phase Schedule'!$E66,M$5,"y")+1,0) -> 0 | N103: =(N$5<$C$99)*IFERROR(DATEDIF('Accom_Phase Schedule'!$E66,N$5,"y")+1,0) -> 0 | O103: =(O$5<$C$99)*IFERROR(DATEDIF('Accom_Phase Schedule'!$E66,O$5,"y")+1,0) -> 0 | P103: =(P$5<$C$99)*IFERROR(DATEDIF('Accom_Phase Schedule'!$E66,P$5,"y")+1,0) -> 0 | Q103: =(Q$5<$C$99)*IFERROR(DATEDIF('Accom_Phase Schedule'!$E66,Q$5,"y")+1,0) -> 0 | R103: =(R$5<$C$99)*IFERROR(DATEDIF('Accom_Phase Schedule'!$E66,R$5,"y")+1,0) -> 0 | ... BC103: =(BC$5<$C$99)*IFERROR(DATEDIF('Accom_Phase Schedule'!$E66,BC$5,"y")+1,0) -> 0
B104: Weeks to re-let | E104: 3 | H104: Phase 3 Term | K104: =(K$5<$C$99)*IFERROR(DATEDIF('Accom_Phase Schedule'!$E67,K$5,"y")+1,0) -> 0 | L104: =(L$5<$C$99)*IFERROR(DATEDIF('Accom_Phase Schedule'!$E67,L$5,"y")+1,0) -> 0 | M104: =(M$5<$C$99)*IFERROR(DATEDIF('Accom_Phase Schedule'!$E67,M$5,"y")+1,0) -> 0 | N104: =(N$5<$C$99)*IFERROR(DATEDIF('Accom_Phase Schedule'!$E67,N$5,"y")+1,0) -> 0 | O104: =(O$5<$C$99)*IFERROR(DATEDIF('Accom_Phase Schedule'!$E67,O$5,"y")+1,0) -> 0 | P104: =(P$5<$C$99)*IFERROR(DATEDIF('Accom_Phase Schedule'!$E67,P$5,"y")+1,0) -> 0 | Q104: =(Q$5<$C$99)*IFERROR(DATEDIF('Accom_Phase Schedule'!$E67,Q$5,"y")+1,0) -> 0 | R104: =(R$5<$C$99)*IFERROR(DATEDIF('Accom_Phase Schedule'!$E67,R$5,"y")+1,0) -> 0 | ... BC104: =(BC$5<$C$99)*IFERROR(DATEDIF('Accom_Phase Schedule'!$E67,BC$5,"y")+1,0) -> 0
B105: General Vacancy | C105: =ROUNDUP(E105*'Accom_Phase Schedule'!$D$45,0) -> 10 | D105: per annum | E105: 0.02 | H105: Phase 4 Term | K105: =(K$5<$C$99)*IFERROR(DATEDIF('Accom_Phase Schedule'!$E68,K$5,"y")+1,0) -> 0 | L105: =(L$5<$C$99)*IFERROR(DATEDIF('Accom_Phase Schedule'!$E68,L$5,"y")+1,0) -> 0 | M105: =(M$5<$C$99)*IFERROR(DATEDIF('Accom_Phase Schedule'!$E68,M$5,"y")+1,0) -> 0 | N105: =(N$5<$C$99)*IFERROR(DATEDIF('Accom_Phase Schedule'!$E68,N$5,"y")+1,0) -> 0 | O105: =(O$5<$C$99)*IFERROR(DATEDIF('Accom_Phase Schedule'!$E68,O$5,"y")+1,0) -> 0 | P105: =(P$5<$C$99)*IFERROR(DATEDIF('Accom_Phase Schedule'!$E68,P$5,"y")+1,0) -> 0 | Q105: =(Q$5<$C$99)*IFERROR(DATEDIF('Accom_Phase Schedule'!$E68,Q$5,"y")+1,0) -> 0 | R105: =(R$5<$C$99)*IFERROR(DATEDIF('Accom_Phase Schedule'!$E68,R$5,"y")+1,0) -> 0 | ... BC105: =(BC$5<$C$99)*IFERROR(DATEDIF('Accom_Phase Schedule'!$E68,BC$5,"y")+1,0) -> 0
B106: Management Cost Growth | C106: 0.035 | D106: per annum | H106: Phase 5 Term | K106: =(K$5<$C$99)*IFERROR(DATEDIF('Accom_Phase Schedule'!$E69,K$5,"y")+1,0) -> 0 | L106: =(L$5<$C$99)*IFERROR(DATEDIF('Accom_Phase Schedule'!$E69,L$5,"y")+1,0) -> 0 | M106: =(M$5<$C$99)*IFERROR(DATEDIF('Accom_Phase Schedule'!$E69,M$5,"y")+1,0) -> 0 | N106: =(N$5<$C$99)*IFERROR(DATEDIF('Accom_Phase Schedule'!$E69,N$5,"y")+1,0) -> 0 | O106: =(O$5<$C$99)*IFERROR(DATEDIF('Accom_Phase Schedule'!$E69,O$5,"y")+1,0) -> 0 | P106: =(P$5<$C$99)*IFERROR(DATEDIF('Accom_Phase Schedule'!$E69,P$5,"y")+1,0) -> 0 | Q106: =(Q$5<$C$99)*IFERROR(DATEDIF('Accom_Phase Schedule'!$E69,Q$5,"y")+1,0) -> 0 | R106: =(R$5<$C$99)*IFERROR(DATEDIF('Accom_Phase Schedule'!$E69,R$5,"y")+1,0) -> 0 | ... BC106: =(BC$5<$C$99)*IFERROR(DATEDIF('Accom_Phase Schedule'!$E69,BC$5,"y")+1,0) -> 0
H108: Phase 1 Actual Rent | K108: =(K$5<$C$99)*IF(K102>J102,K$99,J108) -> 0 | L108: =(L$5<$C$99)*IF(L102>K102,L$99,K108) -> 0 | M108: =(M$5<$C$99)*IF(M102>L102,M$99,L108) -> 0 | N108: =(N$5<$C$99)*IF(N102>M102,N$99,M108) -> 0 | O108: =(O$5<$C$99)*IF(O102>N102,O$99,N108) -> 0 | P108: =(P$5<$C$99)*IF(P102>O102,P$99,O108) -> 0 | Q108: =(Q$5<$C$99)*IF(Q102>P102,Q$99,P108) -> 0 | R108: =(R$5<$C$99)*IF(R102>Q102,R$99,Q108) -> 0 | ... BC108: =(BC$5<$C$99)*IF(BC102>BB102,BC$99,BB108) -> 0
H109: Phase 2 Actual Rent | K109: =(K$5<$C$99)*IF(K103>J103,K$99,J109) -> 0 | L109: =(L$5<$C$99)*IF(L103>K103,L$99,K109) -> 0 | M109: =(M$5<$C$99)*IF(M103>L103,M$99,L109) -> 0 | N109: =(N$5<$C$99)*IF(N103>M103,N$99,M109) -> 0 | O109: =(O$5<$C$99)*IF(O103>N103,O$99,N109) -> 0 | P109: =(P$5<$C$99)*IF(P103>O103,P$99,O109) -> 0 | Q109: =(Q$5<$C$99)*IF(Q103>P103,Q$99,P109) -> 0 | R109: =(R$5<$C$99)*IF(R103>Q103,R$99,Q109) -> 0 | ... BC109: =(BC$5<$C$99)*IF(BC103>BB103,BC$99,BB109) -> 0
H110: Phase 3 Actual Rent | K110: =(K$5<$C$99)*IF(K104>J104,K$99,J110) -> 0 | L110: =(L$5<$C$99)*IF(L104>K104,L$99,K110) -> 0 | M110: =(M$5<$C$99)*IF(M104>L104,M$99,L110) -> 0 | N110: =(N$5<$C$99)*IF(N104>M104,N$99,M110) -> 0 | O110: =(O$5<$C$99)*IF(O104>N104,O$99,N110) -> 0 | P110: =(P$5<$C$99)*IF(P104>O104,P$99,O110) -> 0 | Q110: =(Q$5<$C$99)*IF(Q104>P104,Q$99,P110) -> 0 | R110: =(R$5<$C$99)*IF(R104>Q104,R$99,Q110) -> 0 | ... BC110: =(BC$5<$C$99)*IF(BC104>BB104,BC$99,BB110) -> 0
H111: Phase 4 Actual Rent | K111: =(K$5<$C$99)*IF(K105>J105,K$99,J111) -> 0 | L111: =(L$5<$C$99)*IF(L105>K105,L$99,K111) -> 0 | M111: =(M$5<$C$99)*IF(M105>L105,M$99,L111) -> 0 | N111: =(N$5<$C$99)*IF(N105>M105,N$99,M111) -> 0 | O111: =(O$5<$C$99)*IF(O105>N105,O$99,N111) -> 0 | P111: =(P$5<$C$99)*IF(P105>O105,P$99,O111) -> 0 | Q111: =(Q$5<$C$99)*IF(Q105>P105,Q$99,P111) -> 0 | R111: =(R$5<$C$99)*IF(R105>Q105,R$99,Q111) -> 0 | ... BC111: =(BC$5<$C$99)*IF(BC105>BB105,BC$99,BB111) -> 0
H112: Phase 5 Actual Rent | K112: =(K$5<$C$99)*IF(K106>J106,K$99,J112) -> 0 | L112: =(L$5<$C$99)*IF(L106>K106,L$99,K112) -> 0 | M112: =(M$5<$C$99)*IF(M106>L106,M$99,L112) -> 0 | N112: =(N$5<$C$99)*IF(N106>M106,N$99,M112) -> 0 | O112: =(O$5<$C$99)*IF(O106>N106,O$99,N112) -> 0 | P112: =(P$5<$C$99)*IF(P106>O106,P$99,O112) -> 0 | Q112: =(Q$5<$C$99)*IF(Q106>P106,Q$99,P112) -> 0 | R112: =(R$5<$C$99)*IF(R106>Q106,R$99,Q112) -> 0 | ... BC112: =(BC$5<$C$99)*IF(BC106>BB106,BC$99,BB112) -> 0
H114: Phase 1 Private Take Up | K114: =(AND(K$5>='Accom_Phase Schedule'!$E65,K$5<$C$99))*MIN('Accom_Phase Schedule'!$G65+J114,'Accom_Phase Schedule'!$C65-'Accom_Phase Schedule'!$H65) -> 0 | L114: =(AND(L$5>='Accom_Phase Schedule'!$E65,L$5<$C$99))*MIN('Accom_Phase Schedule'!$G65+K114,'Accom_Phase Schedule'!$C65-'Accom_Phase Schedule'!$H65) -> 0 | M114: =(AND(M$5>='Accom_Phase Schedule'!$E65,M$5<$C$99))*MIN('Accom_Phase Schedule'!$G65+L114,'Accom_Phase Schedule'!$C65-'Accom_Phase Schedule'!$H65) -> 0 | N114: =(AND(N$5>='Accom_Phase Schedule'!$E65,N$5<$C$99))*MIN('Accom_Phase Schedule'!$G65+M114,'Accom_Phase Schedule'!$C65-'Accom_Phase Schedule'!$H65) -> 0 | O114: =(AND(O$5>='Accom_Phase Schedule'!$E65,O$5<$C$99))*MIN('Accom_Phase Schedule'!$G65+N114,'Accom_Phase Schedule'!$C65-'Accom_Phase Schedule'!$H65) -> 0 | P114: =(AND(P$5>='Accom_Phase Schedule'!$E65,P$5<$C$99))*MIN('Accom_Phase Schedule'!$G65+O114,'Accom_Phase Schedule'!$C65-'Accom_Phase Schedule'!$H65) -> 0 | Q114: =(AND(Q$5>='Accom_Phase Schedule'!$E65,Q$5<$C$99))*MIN('Accom_Phase Schedule'!$G65+P114,'Accom_Phase Schedule'!$C65-'Accom_Phase Schedule'!$H65) -> 0 | R114: =(AND(R$5>='Accom_Phase Schedule'!$E65,R$5<$C$99))*MIN('Accom_Phase Schedule'!$G65+Q114,'Accom_Phase Schedule'!$C65-'Accom_Phase Schedule'!$H65) -> 0 | ... BC114: =(AND(BC$5>='Accom_Phase Schedule'!$E65,BC$5<$C$99))*MIN('Accom_Phase Schedule'!$G65+BB114,'Accom_Phase Schedule'!$C65-'Accom_Phase Schedule'!$H65) -> 0
H115: Phase 2 Private Take Up | K115: =(AND(K$5>='Accom_Phase Schedule'!$E66,K$5<$C$99))*MIN('Accom_Phase Schedule'!$G66+J115,'Accom_Phase Schedule'!$C66-'Accom_Phase Schedule'!$H66) -> 0 | L115: =(AND(L$5>='Accom_Phase Schedule'!$E66,L$5<$C$99))*MIN('Accom_Phase Schedule'!$G66+K115,'Accom_Phase Schedule'!$C66-'Accom_Phase Schedule'!$H66) -> 0 | M115: =(AND(M$5>='Accom_Phase Schedule'!$E66,M$5<$C$99))*MIN('Accom_Phase Schedule'!$G66+L115,'Accom_Phase Schedule'!$C66-'Accom_Phase Schedule'!$H66) -> 0 | N115: =(AND(N$5>='Accom_Phase Schedule'!$E66,N$5<$C$99))*MIN('Accom_Phase Schedule'!$G66+M115,'Accom_Phase Schedule'!$C66-'Accom_Phase Schedule'!$H66) -> 0 | O115: =(AND(O$5>='Accom_Phase Schedule'!$E66,O$5<$C$99))*MIN('Accom_Phase Schedule'!$G66+N115,'Accom_Phase Schedule'!$C66-'Accom_Phase Schedule'!$H66) -> 0 | P115: =(AND(P$5>='Accom_Phase Schedule'!$E66,P$5<$C$99))*MIN('Accom_Phase Schedule'!$G66+O115,'Accom_Phase Schedule'!$C66-'Accom_Phase Schedule'!$H66) -> 0 | Q115: =(AND(Q$5>='Accom_Phase Schedule'!$E66,Q$5<$C$99))*MIN('Accom_Phase Schedule'!$G66+P115,'Accom_Phase Schedule'!$C66-'Accom_Phase Schedule'!$H66) -> 0 | R115: =(AND(R$5>='Accom_Phase Schedule'!$E66,R$5<$C$99))*MIN('Accom_Phase Schedule'!$G66+Q115,'Accom_Phase Schedule'!$C66-'Accom_Phase Schedule'!$H66) -> 0 | ... BC115: =(AND(BC$5>='Accom_Phase Schedule'!$E66,BC$5<$C$99))*MIN('Accom_Phase Schedule'!$G66+BB115,'Accom_Phase Schedule'!$C66-'Accom_Phase Schedule'!$H66) -> 0
H116: Phase 3 Private Take Up | K116: =(AND(K$5>='Accom_Phase Schedule'!$E67,K$5<$C$99))*MIN('Accom_Phase Schedule'!$G67+J116,'Accom_Phase Schedule'!$C67-'Accom_Phase Schedule'!$H67) -> 0 | L116: =(AND(L$5>='Accom_Phase Schedule'!$E67,L$5<$C$99))*MIN('Accom_Phase Schedule'!$G67+K116,'Accom_Phase Schedule'!$C67-'Accom_Phase Schedule'!$H67) -> 0 | M116: =(AND(M$5>='Accom_Phase Schedule'!$E67,M$5<$C$99))*MIN('Accom_Phase Schedule'!$G67+L116,'Accom_Phase Schedule'!$C67-'Accom_Phase Schedule'!$H67) -> 0 | N116: =(AND(N$5>='Accom_Phase Schedule'!$E67,N$5<$C$99))*MIN('Accom_Phase Schedule'!$G67+M116,'Accom_Phase Schedule'!$C67-'Accom_Phase Schedule'!$H67) -> 0 | O116: =(AND(O$5>='Accom_Phase Schedule'!$E67,O$5<$C$99))*MIN('Accom_Phase Schedule'!$G67+N116,'Accom_Phase Schedule'!$C67-'Accom_Phase Schedule'!$H67) -> 0 | P116: =(AND(P$5>='Accom_Phase Schedule'!$E67,P$5<$C$99))*MIN('Accom_Phase Schedule'!$G67+O116,'Accom_Phase Schedule'!$C67-'Accom_Phase Schedule'!$H67) -> 0 | Q116: =(AND(Q$5>='Accom_Phase Schedule'!$E67,Q$5<$C$99))*MIN('Accom_Phase Schedule'!$G67+P116,'Accom_Phase Schedule'!$C67-'Accom_Phase Schedule'!$H67) -> 0 | R116: =(AND(R$5>='Accom_Phase Schedule'!$E67,R$5<$C$99))*MIN('Accom_Phase Schedule'!$G67+Q116,'Accom_Phase Schedule'!$C67-'Accom_Phase Schedule'!$H67) -> 0 | ... BC116: =(AND(BC$5>='Accom_Phase Schedule'!$E67,BC$5<$C$99))*MIN('Accom_Phase Schedule'!$G67+BB116,'Accom_Phase Schedule'!$C67-'Accom_Phase Schedule'!$H67) -> 0
H117: Phase 4 Private Take Up | K117: =(AND(K$5>='Accom_Phase Schedule'!$E68,K$5<$C$99))*MIN('Accom_Phase Schedule'!$G68+J117,'Accom_Phase Schedule'!$C68-'Accom_Phase Schedule'!$H68) -> 0 | L117: =(AND(L$5>='Accom_Phase Schedule'!$E68,L$5<$C$99))*MIN('Accom_Phase Schedule'!$G68+K117,'Accom_Phase Schedule'!$C68-'Accom_Phase Schedule'!$H68) -> 0 | M117: =(AND(M$5>='Accom_Phase Schedule'!$E68,M$5<$C$99))*MIN('Accom_Phase Schedule'!$G68+L117,'Accom_Phase Schedule'!$C68-'Accom_Phase Schedule'!$H68) -> 0 | N117: =(AND(N$5>='Accom_Phase Schedule'!$E68,N$5<$C$99))*MIN('Accom_Phase Schedule'!$G68+M117,'Accom_Phase Schedule'!$C68-'Accom_Phase Schedule'!$H68) -> 0 | O117: =(AND(O$5>='Accom_Phase Schedule'!$E68,O$5<$C$99))*MIN('Accom_Phase Schedule'!$G68+N117,'Accom_Phase Schedule'!$C68-'Accom_Phase Schedule'!$H68) -> 0 | P117: =(AND(P$5>='Accom_Phase Schedule'!$E68,P$5<$C$99))*MIN('Accom_Phase Schedule'!$G68+O117,'Accom_Phase Schedule'!$C68-'Accom_Phase Schedule'!$H68) -> 0 | Q117: =(AND(Q$5>='Accom_Phase Schedule'!$E68,Q$5<$C$99))*MIN('Accom_Phase Schedule'!$G68+P117,'Accom_Phase Schedule'!$C68-'Accom_Phase Schedule'!$H68) -> 0 | R117: =(AND(R$5>='Accom_Phase Schedule'!$E68,R$5<$C$99))*MIN('Accom_Phase Schedule'!$G68+Q117,'Accom_Phase Schedule'!$C68-'Accom_Phase Schedule'!$H68) -> 0 | ... BC117: =(AND(BC$5>='Accom_Phase Schedule'!$E68,BC$5<$C$99))*MIN('Accom_Phase Schedule'!$G68+BB117,'Accom_Phase Schedule'!$C68-'Accom_Phase Schedule'!$H68) -> 0
H118: Phase 5 Private Take Up | K118: =(AND(K$5>='Accom_Phase Schedule'!$E69,K$5<$C$99))*MIN('Accom_Phase Schedule'!$G69+J118,'Accom_Phase Schedule'!$C69-'Accom_Phase Schedule'!$H69) -> 0 | L118: =(AND(L$5>='Accom_Phase Schedule'!$E69,L$5<$C$99))*MIN('Accom_Phase Schedule'!$G69+K118,'Accom_Phase Schedule'!$C69-'Accom_Phase Schedule'!$H69) -> 0 | M118: =(AND(M$5>='Accom_Phase Schedule'!$E69,M$5<$C$99))*MIN('Accom_Phase Schedule'!$G69+L118,'Accom_Phase Schedule'!$C69-'Accom_Phase Schedule'!$H69) -> 0 | N118: =(AND(N$5>='Accom_Phase Schedule'!$E69,N$5<$C$99))*MIN('Accom_Phase Schedule'!$G69+M118,'Accom_Phase Schedule'!$C69-'Accom_Phase Schedule'!$H69) -> 0 | O118: =(AND(O$5>='Accom_Phase Schedule'!$E69,O$5<$C$99))*MIN('Accom_Phase Schedule'!$G69+N118,'Accom_Phase Schedule'!$C69-'Accom_Phase Schedule'!$H69) -> 0 | P118: =(AND(P$5>='Accom_Phase Schedule'!$E69,P$5<$C$99))*MIN('Accom_Phase Schedule'!$G69+O118,'Accom_Phase Schedule'!$C69-'Accom_Phase Schedule'!$H69) -> 0 | Q118: =(AND(Q$5>='Accom_Phase Schedule'!$E69,Q$5<$C$99))*MIN('Accom_Phase Schedule'!$G69+P118,'Accom_Phase Schedule'!$C69-'Accom_Phase Schedule'!$H69) -> 0 | R118: =(AND(R$5>='Accom_Phase Schedule'!$E69,R$5<$C$99))*MIN('Accom_Phase Schedule'!$G69+Q118,'Accom_Phase Schedule'!$C69-'Accom_Phase Schedule'!$H69) -> 0 | ... BC118: =(AND(BC$5>='Accom_Phase Schedule'!$E69,BC$5<$C$99))*MIN('Accom_Phase Schedule'!$G69+BB118,'Accom_Phase Schedule'!$C69-'Accom_Phase Schedule'!$H69) -> 0
H120: Phase 1 Private Occupancy | K120: =IFERROR((K114/'Accom_Phase Schedule'!$C65)-(AND(K102>J102,K102>1))*($E$104/52)*12*$E$103,0) -> 0 | L120: =IFERROR((L114/'Accom_Phase Schedule'!$C65)-(AND(L102>K102,L102>1))*($E$104/52)*12*$E$103,0) -> 0 | M120: =IFERROR((M114/'Accom_Phase Schedule'!$C65)-(AND(M102>L102,M102>1))*($E$104/52)*12*$E$103,0) -> 0 | N120: =IFERROR((N114/'Accom_Phase Schedule'!$C65)-(AND(N102>M102,N102>1))*($E$104/52)*12*$E$103,0) -> 0 | O120: =IFERROR((O114/'Accom_Phase Schedule'!$C65)-(AND(O102>N102,O102>1))*($E$104/52)*12*$E$103,0) -> 0 | P120: =IFERROR((P114/'Accom_Phase Schedule'!$C65)-(AND(P102>O102,P102>1))*($E$104/52)*12*$E$103,0) -> 0 | Q120: =IFERROR((Q114/'Accom_Phase Schedule'!$C65)-(AND(Q102>P102,Q102>1))*($E$104/52)*12*$E$103,0) -> 0 | R120: =IFERROR((R114/'Accom_Phase Schedule'!$C65)-(AND(R102>Q102,R102>1))*($E$104/52)*12*$E$103,0) -> 0 | ... BC120: =IFERROR((BC114/'Accom_Phase Schedule'!$C65)-(AND(BC102>BB102,BC102>1))*($E$104/52)*12*$E$103,0) -> 0
H121: Phase 2 Private Occupancy | K121: =IFERROR((K115/'Accom_Phase Schedule'!$C66)-(AND(K103>J103,K103>1))*($E$104/52)*12*$E$103,0) -> 0 | L121: =IFERROR((L115/'Accom_Phase Schedule'!$C66)-(AND(L103>K103,L103>1))*($E$104/52)*12*$E$103,0) -> 0 | M121: =IFERROR((M115/'Accom_Phase Schedule'!$C66)-(AND(M103>L103,M103>1))*($E$104/52)*12*$E$103,0) -> 0 | N121: =IFERROR((N115/'Accom_Phase Schedule'!$C66)-(AND(N103>M103,N103>1))*($E$104/52)*12*$E$103,0) -> 0 | O121: =IFERROR((O115/'Accom_Phase Schedule'!$C66)-(AND(O103>N103,O103>1))*($E$104/52)*12*$E$103,0) -> 0 | P121: =IFERROR((P115/'Accom_Phase Schedule'!$C66)-(AND(P103>O103,P103>1))*($E$104/52)*12*$E$103,0) -> 0 | Q121: =IFERROR((Q115/'Accom_Phase Schedule'!$C66)-(AND(Q103>P103,Q103>1))*($E$104/52)*12*$E$103,0) -> 0 | R121: =IFERROR((R115/'Accom_Phase Schedule'!$C66)-(AND(R103>Q103,R103>1))*($E$104/52)*12*$E$103,0) -> 0 | ... BC121: =IFERROR((BC115/'Accom_Phase Schedule'!$C66)-(AND(BC103>BB103,BC103>1))*($E$104/52)*12*$E$103,0) -> 0
H122: Phase 3 Private Occupancy | K122: =IFERROR((K116/'Accom_Phase Schedule'!$C67)-(AND(K104>J104,K104>1))*($E$104/52)*12*$E$103,0) -> 0 | L122: =IFERROR((L116/'Accom_Phase Schedule'!$C67)-(AND(L104>K104,L104>1))*($E$104/52)*12*$E$103,0) -> 0 | M122: =IFERROR((M116/'Accom_Phase Schedule'!$C67)-(AND(M104>L104,M104>1))*($E$104/52)*12*$E$103,0) -> 0 | N122: =IFERROR((N116/'Accom_Phase Schedule'!$C67)-(AND(N104>M104,N104>1))*($E$104/52)*12*$E$103,0) -> 0 | O122: =IFERROR((O116/'Accom_Phase Schedule'!$C67)-(AND(O104>N104,O104>1))*($E$104/52)*12*$E$103,0) -> 0 | P122: =IFERROR((P116/'Accom_Phase Schedule'!$C67)-(AND(P104>O104,P104>1))*($E$104/52)*12*$E$103,0) -> 0 | Q122: =IFERROR((Q116/'Accom_Phase Schedule'!$C67)-(AND(Q104>P104,Q104>1))*($E$104/52)*12*$E$103,0) -> 0 | R122: =IFERROR((R116/'Accom_Phase Schedule'!$C67)-(AND(R104>Q104,R104>1))*($E$104/52)*12*$E$103,0) -> 0 | ... BC122: =IFERROR((BC116/'Accom_Phase Schedule'!$C67)-(AND(BC104>BB104,BC104>1))*($E$104/52)*12*$E$103,0) -> 0
H123: Phase 4 Private Occupancy | K123: =IFERROR((K117/'Accom_Phase Schedule'!$C68)-(AND(K105>J105,K105>1))*($E$104/52)*12*$E$103,0) -> 0 | L123: =IFERROR((L117/'Accom_Phase Schedule'!$C68)-(AND(L105>K105,L105>1))*($E$104/52)*12*$E$103,0) -> 0 | M123: =IFERROR((M117/'Accom_Phase Schedule'!$C68)-(AND(M105>L105,M105>1))*($E$104/52)*12*$E$103,0) -> 0 | N123: =IFERROR((N117/'Accom_Phase Schedule'!$C68)-(AND(N105>M105,N105>1))*($E$104/52)*12*$E$103,0) -> 0 | O123: =IFERROR((O117/'Accom_Phase Schedule'!$C68)-(AND(O105>N105,O105>1))*($E$104/52)*12*$E$103,0) -> 0 | P123: =IFERROR((P117/'Accom_Phase Schedule'!$C68)-(AND(P105>O105,P105>1))*($E$104/52)*12*$E$103,0) -> 0 | Q123: =IFERROR((Q117/'Accom_Phase Schedule'!$C68)-(AND(Q105>P105,Q105>1))*($E$104/52)*12*$E$103,0) -> 0 | R123: =IFERROR((R117/'Accom_Phase Schedule'!$C68)-(AND(R105>Q105,R105>1))*($E$104/52)*12*$E$103,0) -> 0 | ... BC123: =IFERROR((BC117/'Accom_Phase Schedule'!$C68)-(AND(BC105>BB105,BC105>1))*($E$104/52)*12*$E$103,0) -> 0
H124: Phase 5 Private Occupancy | K124: =IFERROR((K118/'Accom_Phase Schedule'!$C69)-(AND(K106>J106,K106>1))*($E$104/52)*12*$E$103,0) -> 0 | L124: =IFERROR((L118/'Accom_Phase Schedule'!$C69)-(AND(L106>K106,L106>1))*($E$104/52)*12*$E$103,0) -> 0 | M124: =IFERROR((M118/'Accom_Phase Schedule'!$C69)-(AND(M106>L106,M106>1))*($E$104/52)*12*$E$103,0) -> 0 | N124: =IFERROR((N118/'Accom_Phase Schedule'!$C69)-(AND(N106>M106,N106>1))*($E$104/52)*12*$E$103,0) -> 0 | O124: =IFERROR((O118/'Accom_Phase Schedule'!$C69)-(AND(O106>N106,O106>1))*($E$104/52)*12*$E$103,0) -> 0 | P124: =IFERROR((P118/'Accom_Phase Schedule'!$C69)-(AND(P106>O106,P106>1))*($E$104/52)*12*$E$103,0) -> 0 | Q124: =IFERROR((Q118/'Accom_Phase Schedule'!$C69)-(AND(Q106>P106,Q106>1))*($E$104/52)*12*$E$103,0) -> 0 | R124: =IFERROR((R118/'Accom_Phase Schedule'!$C69)-(AND(R106>Q106,R106>1))*($E$104/52)*12*$E$103,0) -> 0 | ... BC124: =IFERROR((BC118/'Accom_Phase Schedule'!$C69)-(AND(BC106>BB106,BC106>1))*($E$104/52)*12*$E$103,0) -> 0
H126: Pirvate Units Occupied | K126: =SUM(K114:K118) -> 0 | L126: =SUM(L114:L118) -> 0 | M126: =SUM(M114:M118) -> 0 | N126: =SUM(N114:N118) -> 0 | O126: =SUM(O114:O118) -> 0 | P126: =SUM(P114:P118) -> 0 | Q126: =SUM(Q114:Q118) -> 0 | R126: =SUM(R114:R118) -> 0 | ... BD126: =SUM(BD114:BD118) -> 0
H127: Part V units occupied | K127: {=(K126>0)*SUMPRODUCT((K5>='Accom_Phase Schedule'!$E$65:$E$69)*'Accom_Phase Schedule'!$D$65:$D$69)} -> 0 | L127: {=(L126>0)*SUMPRODUCT((L5>='Accom_Phase Schedule'!$E$65:$E$69)*'Accom_Phase Schedule'!$D$65:$D$69)} -> 0 | M127: {=(M126>0)*SUMPRODUCT((M5>='Accom_Phase Schedule'!$E$65:$E$69)*'Accom_Phase Schedule'!$D$65:$D$69)} -> 0 | N127: {=(N126>0)*SUMPRODUCT((N5>='Accom_Phase Schedule'!$E$65:$E$69)*'Accom_Phase Schedule'!$D$65:$D$69)} -> 0 | O127: {=(O126>0)*SUMPRODUCT((O5>='Accom_Phase Schedule'!$E$65:$E$69)*'Accom_Phase Schedule'!$D$65:$D$69)} -> 0 | P127: {=(P126>0)*SUMPRODUCT((P5>='Accom_Phase Schedule'!$E$65:$E$69)*'Accom_Phase Schedule'!$D$65:$D$69)} -> 0 | Q127: {=(Q126>0)*SUMPRODUCT((Q5>='Accom_Phase Schedule'!$E$65:$E$69)*'Accom_Phase Schedule'!$D$65:$D$69)} -> 0 | R127: {=(R126>0)*SUMPRODUCT((R5>='Accom_Phase Schedule'!$E$65:$E$69)*'Accom_Phase Schedule'!$D$65:$D$69)} -> 0 | ... BC127: {=(BC126>0)*SUMPRODUCT((BC5>='Accom_Phase Schedule'!$E$65:$E$69)*'Accom_Phase Schedule'!$D$65:$D$69)} -> 0
H128: Total Units Occupied | K128: =SUM(K126:K127) -> 0 | L128: =SUM(L126:L127) -> 0 | M128: =SUM(M126:M127) -> 0 | N128: =SUM(N126:N127) -> 0 | O128: =SUM(O126:O127) -> 0 | P128: =SUM(P126:P127) -> 0 | Q128: =SUM(Q126:Q127) -> 0 | R128: =SUM(R126:R127) -> 0 | ... BC128: =SUM(BC126:BC127) -> 0

Sheet Accom_Phase Schedule
B2: Accomodation Schedule
B4: Unit Schedule
B5: Private | E5: Part V
B6: Apt / Type | C6: NIA Sqft | D6: Rent pm | E6: Council Rent | F6: Council Price | I6: Apt / Type | J6: # of units | K6: % of units | L6: Rent Roll | M6: % rent roll | N6: Rent psf NIA
B7: Studio | C7: 500 | D7: 1100 | E7: =MROUND(D7*0.8,25) -> 875 | F7: =MROUND(C7*400,5000) -> 200000 | I7: =B7 -> Studio | J7: =SUMIF($C$21:$C$34,I7,$D$21:$D$34)+SUMIF($J$21:$J$34,I7,$K$21:$K$34) -> 100 | K7: =J7/SUM($J$7:$J$15) -> 0.2 | L7: =SUMIF($C$21:$C$34,I7,$F$21:$F$34)+SUMIF($J$21:$J$34,I7,$M$21:$M$34) -> 105500 | M7: =L7/SUM($L$7:$L$15) -> 0.10784564 | N7: =IFERROR(D7*12/C7,0) -> 26.4
B8: 1 Bed Apt Type.1 | C8: 600 | D8: 1500 | E8: =MROUND(D8*0.8,25) -> 1200 | F8: =MROUND(C8*400,5000) -> 240000 | I8: =B8 -> 1 Bed Apt Type.1 | J8: =SUMIF($C$21:$C$34,I8,$D$21:$D$34)+SUMIF($J$21:$J$34,I8,$K$21:$K$34) -> 100 | K8: =J8/SUM($J$7:$J$15) -> 0.2 | L8: =SUMIF($C$21:$C$34,I8,$F$21:$F$34)+SUMIF($J$21:$J$34,I8,$M$21:$M$34) -> 147000 | M8: =L8/SUM($L$7:$L$15) -> 0.15026834 | N8: =IFERROR(D8*12/C8,0) -> 30
B9: 1 Bed Apt Type 2 | C9: 650 | D9: 1600 | E9: =MROUND(D9*0.8,25) -> 1275 | F9: =MROUND(C9*400,5000) -> 260000 | I9: =B9 -> 1 Bed Apt Type 2 | J9: =SUMIF($C$21:$C$34,I9,$D$21:$D$34)+SUMIF($J$21:$J$34,I9,$K$21:$K$34) -> 50 | K9: =J9/SUM($J$7:$J$15) -> 0.1 | L9: =SUMIF($C$21:$C$34,I9,$F$21:$F$34)+SUMIF($J$21:$J$34,I9,$M$21:$M$34) -> 76750 | M9: =L9/SUM($L$7:$L$15) -> 0.078456427 | N9: =IFERROR(D9*12/C9,0) -> 29.538462
B10: 2 Bed Apt Type 1 | C10: 750 | D10: 2200 | E10: =MROUND(D10*0.8,25) -> 1750 | F10: =MROUND(C10*400,5000) -> 300000 | I10: =B10 -> 2 Bed Apt Type 1 | J10: =SUMIF($C$21:$C$34,I10,$D$21:$D$34)+SUMIF($J$21:$J$34,I10,$K$21:$K$34) -> 50 | K10: =J10/SUM($J$7:$J$15) -> 0.1 | L10: =SUMIF($C$21:$C$34,I10,$F$21:$F$34)+SUMIF($J$21:$J$34,I10,$M$21:$M$34) -> 110000 | M10: =L10/SUM($L$7:$L$15) -> 0.11244569 | N10: =IFERROR(D10*12/C10,0) -> 35.2
B11: 2 Bed Apt Type 2 | C11: 800 | D11: 2400 | E11: =MROUND(D11*0.8,25) -> 1925 | F11: =MROUND(C11*400,5000) -> 320000 | I11: =B11 -> 2 Bed Apt Type 2 | J11: =SUMIF($C$21:$C$34,I11,$D$21:$D$34)+SUMIF($J$21:$J$34,I11,$K$21:$K$34) -> 100 | K11: =J11/SUM($J$7:$J$15) -> 0.2 | L11: =SUMIF($C$21:$C$34,I11,$F$21:$F$34)+SUMIF($J$21:$J$34,I11,$M$21:$M$34) -> 240000 | M11: =L11/SUM($L$7:$L$15) -> 0.24533606 | N11: =IFERROR(D11*12/C11,0) -> 36
B12: 3 Bed Apt Type 1 | C12: 1000 | D12: 3000 | E12: =MROUND(D12*0.8,25) -> 2400 | F12: =MROUND(C12*400,5000) -> 400000 | I12: =B12 -> 3 Bed Apt Type 1 | J12: =SUMIF($C$21:$C$34,I12,$D$21:$D$34)+SUMIF($J$21:$J$34,I12,$K$21:$K$34) -> 50 | K12: =J12/SUM($J$7:$J$15) -> 0.1 | L12: =SUMIF($C$21:$C$34,I12,$F$21:$F$34)+SUMIF($J$21:$J$34,I12,$M$21:$M$34) -> 144000 | M12: =L12/SUM($L$7:$L$15) -> 0.14720164 | N12: =IFERROR(D12*12/C12,0) -> 36
B13: 3 Bed Apt Type 2 | C13: 1100 | D13: 3100 | E13: =MROUND(D13*0.8,25) -> 2475 | F13: =MROUND(C13*400,5000) -> 440000 | I13: =B13 -> 3 Bed Apt Type 2 | J13: =SUMIF($C$21:$C$34,I13,$D$21:$D$34)+SUMIF($J$21:$J$34,I13,$K$21:$K$34) -> 50 | K13: =J13/SUM($J$7:$J$15) -> 0.1 | L13: =SUMIF($C$21:$C$34,I13,$F$21:$F$34)+SUMIF($J$21:$J$34,I13,$M$21:$M$34) -> 155000 | M13: =L13/SUM($L$7:$L$15) -> 0.1584462 | N13: =IFERROR(D13*12/C13,0) -> 33.818182
I14: =B14 -> 0 | J14: =SUMIF($C$21:$C$34,I14,$D$21:$D$34)+SUMIF($J$21:$J$34,I14,$K$21:$K$34) -> 0 | K14: =J14/SUM($J$7:$J$15) -> 0 | L14: =SUMIF($C$21:$C$34,I14,$F$21:$F$34)+SUMIF($J$21:$J$34,I14,$M$21:$M$34) -> 0 | M14: =L14/SUM($L$7:$L$15) -> 0 | N14: =IFERROR(D14*12/C14,0) -> 0
I15: =B15 -> 0 | J15: =SUMIF($C$21:$C$34,I15,$D$21:$D$34)+SUMIF($J$21:$J$34,I15,$K$21:$K$34) -> 0 | K15: =J15/SUM($J$7:$J$15) -> 0 | L15: =SUMIF($C$21:$C$34,I15,$F$21:$F$34)+SUMIF($J$21:$J$34,I15,$M$21:$M$34) -> 0 | M15: =L15/SUM($L$7:$L$15) -> 0 | N15: =IFERROR(D15*12/C15,0) -> 0
B17: Accomodation Schedule
B19: Private | I19: Part V
B20: Block | C20: Apt / Type | D20: # of units | E20: NIA sqft | F20: Rent Roll pm | I20: Block | J20: Apt / Type | K20: # of units | L20: NIA sqft | M20: Rent Roll pm | N20: Council GDV
B21: 1 | C21: Studio | D21: 40 | E21: =_xlfn.IFNA(D21*INDEX($C$7:$C$15,MATCH(C21,$B$7:$B$15,0)),0) -> 20000 | F21: =_xlfn.IFNA(D21*INDEX($D$7:$D$15,MATCH(C21,$B$7:$B$15,0)),0) -> 44000 | I21: 1 | J21: Studio | K21: 10 | L21: =_xlfn.IFNA(K21*INDEX($C$7:$C$15,MATCH(J21,$B$7:$B$15,0)),0) -> 5000 | M21: =($B$74="Rent to Council")*_xlfn.IFNA(K21*INDEX($E$7:$E$15,MATCH(J21,$B$7:$B$15,0)),0) -> 8750 | N21: =($B$74="Sale to Council")*_xlfn.IFNA(K21*INDEX($F$7:$F$15,MATCH(J21,$B$7:$B$15,0)),0) -> 0
B22: 1 | C22: 1 Bed Apt Type.1 | D22: 50 | E22: =_xlfn.IFNA(D22*INDEX($C$7:$C$15,MATCH(C22,$B$7:$B$15,0)),0) -> 30000 | F22: =_xlfn.IFNA(D22*INDEX($D$7:$D$15,MATCH(C22,$B$7:$B$15,0)),0) -> 75000 | I22: 2 | J22: 1 Bed Apt Type 2 | K22: 10 | L22: =_xlfn.IFNA(K22*INDEX($C$7:$C$15,MATCH(J22,$B$7:$B$15,0)),0) -> 6500 | M22: =($B$74="Rent to Council")*_xlfn.IFNA(K22*INDEX($E$7:$E$15,MATCH(J22,$B$7:$B$15,0)),0) -> 12750 | N22: =($B$74="Sale to Council")*_xlfn.IFNA(K22*INDEX($F$7:$F$15,MATCH(J22,$B$7:$B$15,0)),0) -> 0
B23: 2 | C23: 1 Bed Apt Type 2 | D23: 40 | E23: =_xlfn.IFNA(D23*INDEX($C$7:$C$15,MATCH(C23,$B$7:$B$15,0)),0) -> 26000 | F23: =_xlfn.IFNA(D23*INDEX($D$7:$D$15,MATCH(C23,$B$7:$B$15,0)),0) -> 64000 | I23: 3 | J23: 3 Bed Apt Type 1 | K23: 10 | L23: =_xlfn.IFNA(K23*INDEX($C$7:$C$15,MATCH(J23,$B$7:$B$15,0)),0) -> 10000 | M23: =($B$74="Rent to Council")*_xlfn.IFNA(K23*INDEX($E$7:$E$15,MATCH(J23,$B$7:$B$15,0)),0) -> 24000 | N23: =($B$74="Sale to Council")*_xlfn.IFNA(K23*INDEX($F$7:$F$15,MATCH(J23,$B$7:$B$15,0)),0) -> 0
B24: 2 | C24: 2 Bed Apt Type 1 | D24: 50 | E24: =_xlfn.IFNA(D24*INDEX($C$7:$C$15,MATCH(C24,$B$7:$B$15,0)),0) -> 37500 | F24: =_xlfn.IFNA(D24*INDEX($D$7:$D$15,MATCH(C24,$B$7:$B$15,0)),0) -> 110000 | I24: 4 | J24: Studio | K24: 10 | L24: =_xlfn.IFNA(K24*INDEX($C$7:$C$15,MATCH(J24,$B$7:$B$15,0)),0) -> 5000 | M24: =($B$74="Rent to Council")*_xlfn.IFNA(K24*INDEX($E$7:$E$15,MATCH(J24,$B$7:$B$15,0)),0) -> 8750 | N24: =($B$74="Sale to Council")*_xlfn.IFNA(K24*INDEX($F$7:$F$15,MATCH(J24,$B$7:$B$15,0)),0) -> 0
B25: 3 | C25: 3 Bed Apt Type 1 | D25: 40 | E25: =_xlfn.IFNA(D25*INDEX($C$7:$C$15,MATCH(C25,$B$7:$B$15,0)),0) -> 40000 | F25: =_xlfn.IFNA(D25*INDEX($D$7:$D$15,MATCH(C25,$B$7:$B$15,0)),0) -> 120000 | I25: 5 | J25: 1 Bed Apt Type.1 | K25: 10 | L25: =_xlfn.IFNA(K25*INDEX($C$7:$C$15,MATCH(J25,$B$7:$B$15,0)),0) -> 6000 | M25: =($B$74="Rent to Council")*_xlfn.IFNA(K25*INDEX($E$7:$E$15,MATCH(J25,$B$7:$B$15,0)),0) -> 12000 | N25: =($B$74="Sale to Council")*_xlfn.IFNA(K25*INDEX($F$7:$F$15,MATCH(J25,$B$7:$B$15,0)),0) -> 0
B26: 3 | C26: 2 Bed Apt Type 2 | D26: 50 | E26: =_xlfn.IFNA(D26*INDEX($C$7:$C$15,MATCH(C26,$B$7:$B$15,0)),0) -> 40000 | F26: =_xlfn.IFNA(D26*INDEX($D$7:$D$15,MATCH(C26,$B$7:$B$15,0)),0) -> 120000 | L26: =_xlfn.IFNA(K26*INDEX($C$7:$C$15,MATCH(J26,$B$7:$B$15,0)),0) -> 0 | M26: =($B$74="Rent to Council")*_xlfn.IFNA(K26*INDEX($E$7:$E$15,MATCH(J26,$B$7:$B$15,0)),0) -> 0 | N26: =($B$74="Sale to Council")*_xlfn.IFNA(K26*INDEX($F$7:$F$15,MATCH(J26,$B$7:$B$15,0)),0) -> 0
B27: 4 | C27: 3 Bed Apt Type 2 | D27: 50 | E27: =_xlfn.IFNA(D27*INDEX($C$7:$C$15,MATCH(C27,$B$7:$B$15,0)),0) -> 55000 | F27: =_xlfn.IFNA(D27*INDEX($D$7:$D$15,MATCH(C27,$B$7:$B$15,0)),0) -> 155000 | L27: =_xlfn.IFNA(K27*INDEX($C$7:$C$15,MATCH(J27,$B$7:$B$15,0)),0) -> 0 | M27: =($B$74="Rent to Council")*_xlfn.IFNA(K27*INDEX($E$7:$E$15,MATCH(J27,$B$7:$B$15,0)),0) -> 0 | N27: =($B$74="Sale to Council")*_xlfn.IFNA(K27*INDEX($F$7:$F$15,MATCH(J27,$B$7:$B$15,0)),0) -> 0
B28: 4 | C28: Studio | D28: 40 | E28: =_xlfn.IFNA(D28*INDEX($C$7:$C$15,MATCH(C28,$B$7:$B$15,0)),0) -> 20000 | F28: =_xlfn.IFNA(D28*INDEX($D$7:$D$15,MATCH(C28,$B$7:$B$15,0)),0) -> 44000 | L28: =_xlfn.IFNA(K28*INDEX($C$7:$C$15,MATCH(J28,$B$7:$B$15,0)),0) -> 0 | M28: =($B$74="Rent to Council")*_xlfn.IFNA(K28*INDEX($E$7:$E$15,MATCH(J28,$B$7:$B$15,0)),0) -> 0 | N28: =($B$74="Sale to Council")*_xlfn.IFNA(K28*INDEX($F$7:$F$15,MATCH(J28,$B$7:$B$15,0)),0) -> 0
B29: 5 | C29: 1 Bed Apt Type.1 | D29: 40 | E29: =_xlfn.IFNA(D29*INDEX($C$7:$C$15,MATCH(C29,$B$7:$B$15,0)),0) -> 24000 | F29: =_xlfn.IFNA(D29*INDEX($D$7:$D$15,MATCH(C29,$B$7:$B$15,0)),0) -> 60000 | L29: =_xlfn.IFNA(K29*INDEX($C$7:$C$15,MATCH(J29,$B$7:$B$15,0)),0) -> 0 | M29: =($B$74="Rent to Council")*_xlfn.IFNA(K29*INDEX($E$7:$E$15,MATCH(J29,$B$7:$B$15,0)),0) -> 0 | N29: =($B$74="Sale to Council")*_xlfn.IFNA(K29*INDEX($F$7:$F$15,MATCH(J29,$B$7:$B$15,0)),0) -> 0
B30: 5 | C30: 2 Bed Apt Type 2 | D30: 50 | E30: =_xlfn.IFNA(D30*INDEX($C$7:$C$15,MATCH(C30,$B$7:$B$15,0)),0) -> 40000 | F30: =_xlfn.IFNA(D30*INDEX($D$7:$D$15,MATCH(C30,$B$7:$B$15,0)),0) -> 120000 | L30: =_xlfn.IFNA(K30*INDEX($C$7:$C$15,MATCH(J30,$B$7:$B$15,0)),0) -> 0 | M30: =($B$74="Rent to Council")*_xlfn.IFNA(K30*INDEX($E$7:$E$15,MATCH(J30,$B$7:$B$15,0)),0) -> 0 | N30: =($B$74="Sale to Council")*_xlfn.IFNA(K30*INDEX($F$7:$F$15,MATCH(J30,$B$7:$B$15,0)),0) -> 0
E31: =_xlfn.IFNA(D31*INDEX($C$7:$C$15,MATCH(C31,$B$7:$B$15,0)),0) -> 0 | F31: =_xlfn.IFNA(D31*INDEX($D$7:$D$15,MATCH(C31,$B$7:$B$15,0)),0) -> 0 | L31: =_xlfn.IFNA(K31*INDEX($C$7:$C$15,MATCH(J31,$B$7:$B$15,0)),0) -> 0 | M31: =($B$74="Rent to Council")*_xlfn.IFNA(K31*INDEX($E$7:$E$15,MATCH(J31,$B$7:$B$15,0)),0) -> 0 | N31: =($B$74="Sale to Council")*_xlfn.IFNA(K31*INDEX($F$7:$F$15,MATCH(J31,$B$7:$B$15,0)),0) -> 0
E32: =_xlfn.IFNA(D32*INDEX($C$7:$C$15,MATCH(C32,$B$7:$B$15,0)),0) -> 0 | F32: =_xlfn.IFNA(D32*INDEX($D$7:$D$15,MATCH(C32,$B$7:$B$15,0)),0) -> 0 | L32: =_xlfn.IFNA(K32*INDEX($C$7:$C$15,MATCH(J32,$B$7:$B$15,0)),0) -> 0 | M32: =($B$74="Rent to Council")*_xlfn.IFNA(K32*INDEX($E$7:$E$15,MATCH(J32,$B$7:$B$15,0)),0) -> 0 | N32: =($B$74="Sale to Council")*_xlfn.IFNA(K32*INDEX($F$7:$F$15,MATCH(J32,$B$7:$B$15,0)),0) -> 0
E33: =_xlfn.IFNA(D33*INDEX($C$7:$C$15,MATCH(C33,$B$7:$B$15,0)),0) -> 0 | F33: =_xlfn.IFNA(D33*INDEX($D$7:$D$15,MATCH(C33,$B$7:$B$15,0)),0) -> 0 | L33: =_xlfn.IFNA(K33*INDEX($C$7:$C$15,MATCH(J33,$B$7:$B$15,0)),0) -> 0 | M33: =($B$74="Rent to Council")*_xlfn.IFNA(K33*INDEX($E$7:$E$15,MATCH(J33,$B$7:$B$15,0)),0) -> 0 | N33: =($B$74="Sale to Council")*_xlfn.IFNA(K33*INDEX($F$7:$F$15,MATCH(J33,$B$7:$B$15,0)),0) -> 0
E34: =_xlfn.IFNA(D34*INDEX($C$7:$C$15,MATCH(C34,$B$7:$B$15,0)),0) -> 0 | F34: =_xlfn.IFNA(D34*INDEX($D$7:$D$15,MATCH(C34,$B$7:$B$15,0)),0) -> 0 | L34: =_xlfn.IFNA(K34*INDEX($C$7:$C$15,MATCH(J34,$B$7:$B$15,0)),0) -> 0 | M34: =($B$74="Rent to Council")*_xlfn.IFNA(K34*INDEX($E$7:$E$15,MATCH(J34,$B$7:$B$15,0)),0) -> 0 | N34: =($B$74="Sale to Council")*_xlfn.IFNA(K34*INDEX($F$7:$F$15,MATCH(J34,$B$7:$B$15,0)),0) -> 0
B35: Total | D35: =SUM(D21:D34) -> 450 | E35: =SUM(E21:E34) -> 332500 | F35: =SUM(F21:F34) -> 912000 | I35: Total | K35: =SUM(K21:K34) -> 50 | L35: =SUM(L21:L34) -> 32500 | M35: =SUM(M21:M34) -> 66250 | N35: =SUM(N21:N34) -> 0
B37: Block Schedule
B39: Block | C39: # of units | D39: # of rented units | E39: NIA sqft | F39: GIA sqft | H39: Efficiency | I39: U/G PS | J39: Private Rented | K39: Rent Roll pm | L39: Part V Rented | M39: PV RR | N39: Construct Phase
B40: {=_xlfn.UNIQUE(_xlfn._xlws.FILTER(B21:B34,B21:B34<>""))} -> 1 | C40: =SUMIF($B$21:$B$34,B40,$D$21:$D$34)+SUMIF($I$21:$I$34,B40,$K$21:$K$34) -> 100 | D40: =SUMIF($B$21:$B$34,B40,$D$21:$D$34)+($B$74="Rent to Council")*SUMIF($I$21:$I$34,B40,$K$21:$K$34) -> 100 | E40: =SUMIF($B$21:$B$34,B40,$E$21:$E$34)+SUMIF($I$21:$I$34,B40,$L$21:$L$34) -> 55000 | F40: 72000 | H40: =IFERROR(E40/F40,0) -> 0.76388889 | I40: 100 | J40: =SUMIF($B$21:$B$34,B40,$D$21:$D$34) -> 90 | K40: =SUMIF($B$21:$B$34,B40,$F$21:$F$34) -> 119000 | L40: =($B$74="Rent to Council")*SUMIF($I$21:$I$34,B40,$K$21:$K$34) -> 10 | M40: =SUMIF($I$21:$I$34,B40,$M$21:$M$34) -> 8750 | N40: 1
B41: 2 | C41: =SUMIF($B$21:$B$34,B41,$D$21:$D$34)+SUMIF($I$21:$I$34,B41,$K$21:$K$34) -> 100 | D41: =SUMIF($B$21:$B$34,B41,$D$21:$D$34)+($B$74="Rent to Council")*SUMIF($I$21:$I$34,B41,$K$21:$K$34) -> 100 | E41: =SUMIF($B$21:$B$34,B41,$E$21:$E$34)+SUMIF($I$21:$I$34,B41,$L$21:$L$34) -> 70000 | F41: 80000 | H41: =IFERROR(E41/F41,0) -> 0.875 | I41: 100 | J41: =SUMIF($B$21:$B$34,B41,$D$21:$D$34) -> 90 | K41: =SUMIF($B$21:$B$34,B41,$F$21:$F$34) -> 174000 | L41: =($B$74="Rent to Council")*SUMIF($I$21:$I$34,B41,$K$21:$K$34) -> 10 | M41: =SUMIF($I$21:$I$34,B41,$M$21:$M$34) -> 12750 | N41: 2
B42: 3 | C42: =SUMIF($B$21:$B$34,B42,$D$21:$D$34)+SUMIF($I$21:$I$34,B42,$K$21:$K$34) -> 100 | D42: =SUMIF($B$21:$B$34,B42,$D$21:$D$34)+($B$74="Rent to Council")*SUMIF($I$21:$I$34,B42,$K$21:$K$34) -> 100 | E42: =SUMIF($B$21:$B$34,B42,$E$21:$E$34)+SUMIF($I$21:$I$34,B42,$L$21:$L$34) -> 90000 | F42: 105000 | H42: =IFERROR(E42/F42,0) -> 0.85714286 | I42: 100 | J42: =SUMIF($B$21:$B$34,B42,$D$21:$D$34) -> 90 | K42: =SUMIF($B$21:$B$34,B42,$F$21:$F$34) -> 240000 | L42: =($B$74="Rent to Council")*SUMIF($I$21:$I$34,B42,$K$21:$K$34) -> 10 | M42: =SUMIF($I$21:$I$34,B42,$M$21:$M$34) -> 24000 | N42: 3
B43: 4 | C43: =SUMIF($B$21:$B$34,B43,$D$21:$D$34)+SUMIF($I$21:$I$34,B43,$K$21:$K$34) -> 100 | D43: =SUMIF($B$21:$B$34,B43,$D$21:$D$34)+($B$74="Rent to Council")*SUMIF($I$21:$I$34,B43,$K$21:$K$34) -> 100 | E43: =SUMIF($B$21:$B$34,B43,$E$21:$E$34)+SUMIF($I$21:$I$34,B43,$L$21:$L$34) -> 80000 | F43: 93000 | H43: =IFERROR(E43/F43,0) -> 0.86021505 | I43: 100 | J43: =SUMIF($B$21:$B$34,B43,$D$21:$D$34) -> 90 | K43: =SUMIF($B$21:$B$34,B43,$F$21:$F$34) -> 199000 | L43: =($B$74="Rent to Council")*SUMIF($I$21:$I$34,B43,$K$21:$K$34) -> 10 | M43: =SUMIF($I$21:$I$34,B43,$M$21:$M$34) -> 8750 | N43: 4
B44: 5 | C44: =SUMIF($B$21:$B$34,B44,$D$21:$D$34)+SUMIF($I$21:$I$34,B44,$K$21:$K$34) -> 100 | D44: =SUMIF($B$21:$B$34,B44,$D$21:$D$34)+($B$74="Rent to Council")*SUMIF($I$21:$I$34,B44,$K$21:$K$34) -> 100 | E44: =SUMIF($B$21:$B$34,B44,$E$21:$E$34)+SUMIF($I$21:$I$34,B44,$L$21:$L$34) -> 70000 | F44: 80000 | H44: =IFERROR(E44/F44,0) -> 0.875 | I44: 100 | J44: =SUMIF($B$21:$B$34,B44,$D$21:$D$34) -> 90 | K44: =SUMIF($B$21:$B$34,B44,$F$21:$F$34) -> 180000 | L44: =($B$74="Rent to Council")*SUMIF($I$21:$I$34,B44,$K$21:$K$34) -> 10 | M44: =SUMIF($I$21:$I$34,B44,$M$21:$M$34) -> 12000 | N44: 5
B45: Total | C45: =SUM(C40:C44) -> 500 | D45: =SUM(D40:D44) -> 500 | E45: =SUM(E40:E44) -> 365000 | F45: =SUM(F40:F44) -> 430000 | H45: =IFERROR(E45/F45,0) -> 0.84883721 | I45: =SUM(I40:I44) -> 500 | J45: =SUM(J40:J44) -> 450 | K45: =SUM(K40:K44) -> 912000 | L45: =SUM(L40:L44) -> 50 | M45: =SUM(M40:M44) -> 66250 | N45: =MAX(N40:N44) -> 5
B48: Construction Phase Inputs / Outputs
B50: Construction Phase Schedule
B52: Phase | C52: Con. Start | D52: Months Build | E52: Con. End | F52: Rough Hard Cost | G52: # units constr. | H52: Cost Allocation | I52: 3 | J52: # of rented units | K52: GIA sqft | L52: U/G PS | M52: Rent Roll pm | N52: PV RR
B53: 1 | C53: 43983 | D53: 14 | E53: =EDATE(C53,D53) -> 44409 | G53: =SUMIF($N$40:$N$44,B53,$C$40:$C$44) -> 100 | I53: =EDATE(E53,-$I$52) -> 44317 | J53: =SUMIF($N$40:$N$44,B53,$D$40:$D$44) -> 100 | K53: =SUMIF($N$40:$N$44,B53,$F$40:$F$44) -> 72000 | L53: =SUMIF($N$40:$N$44,B53,$I$40:$I$44) -> 100 | M53: =SUMIF($N$40:$N$44,B53,$K$40:$K$44) -> 119000 | N53: =SUMIF($N$40:$N$44,B53,$M$40:$M$44) -> 8750
B54: 2 | C54: =EDATE(C53,4) -> 44105 | D54: 15 | E54: =EDATE(C54,D54) -> 44562 | G54: =SUMIF($N$40:$N$44,B54,$C$40:$C$44) -> 100 | I54: =EDATE(E54,-$I$52) -> 44470 | J54: =SUMIF($N$40:$N$44,B54,$D$40:$D$44) -> 100 | K54: =SUMIF($N$40:$N$44,B54,$F$40:$F$44) -> 80000 | L54: =SUMIF($N$40:$N$44,B54,$I$40:$I$44) -> 100 | M54: =SUMIF($N$40:$N$44,B54,$K$40:$K$44) -> 174000 | N54: =SUMIF($N$40:$N$44,B54,$M$40:$M$44) -> 12750
B55: 3 | C55: =EDATE(C54,4) -> 44228 | D55: 16 | E55: =EDATE(C55,D55) -> 44713 | G55: =SUMIF($N$40:$N$44,B55,$C$40:$C$44) -> 100 | I55: =EDATE(E55,-$I$52) -> 44621 | J55: =SUMIF($N$40:$N$44,B55,$D$40:$D$44) -> 100 | K55: =SUMIF($N$40:$N$44,B55,$F$40:$F$44) -> 105000 | L55: =SUMIF($N$40:$N$44,B55,$I$40:$I$44) -> 100 | M55: =SUMIF($N$40:$N$44,B55,$K$40:$K$44) -> 240000 | N55: =SUMIF($N$40:$N$44,B55,$M$40:$M$44) -> 24000
B56: 4 | C56: =EDATE(C55,4) -> 44348 | D56: 18 | E56: =EDATE(C56,D56) -> 44896 | G56: =SUMIF($N$40:$N$44,B56,$C$40:$C$44) -> 100 | I56: =EDATE(E56,-$I$52) -> 44805 | J56: =SUMIF($N$40:$N$44,B56,$D$40:$D$44) -> 100 | K56: =SUMIF($N$40:$N$44,B56,$F$40:$F$44) -> 93000 | L56: =SUMIF($N$40:$N$44,B56,$I$40:$I$44) -> 100 | M56: =SUMIF($N$40:$N$44,B56,$K$40:$K$44) -> 199000 | N56: =SUMIF($N$40:$N$44,B56,$M$40:$M$44) -> 8750
B57: 5 | C57: =EDATE(C56,4) -> 44470 | D57: 20 | E57: =EDATE(C57,D57) -> 45078 | G57: =SUMIF($N$40:$N$44,B57,$C$40:$C$44) -> 100 | I57: =EDATE(E57,-$I$52) -> 44986 | J57: =SUMIF($N$40:$N$44,B57,$D$40:$D$44) -> 100 | K57: =SUMIF($N$40:$N$44,B57,$F$40:$F$44) -> 80000 | L57: =SUMIF($N$40:$N$44,B57,$I$40:$I$44) -> 100 | M57: =SUMIF($N$40:$N$44,B57,$K$40:$K$44) -> 180000 | N57: =SUMIF($N$40:$N$44,B57,$M$40:$M$44) -> 12000
B58: Total | C58: =MIN(C53:C57) -> 43983 | D58: =DATEDIF(C58,E58,"m") -> 36 | E58: =MAX(E53:OFFSET(E52,N45,0)) -> 45078 | G58: =SUM(G53:G57) -> 500 | J58: =SUM(J53:J57) -> 500 | K58: =SUM(K53:K57) -> 430000 | L58: =SUM(L53:L57) -> 500 | M58: =SUM(M53:M57) -> 912000 | N58: =SUM(N53:N57) -> 66250
B60: Investment Finance and Lease Up
B62: Lease Up | K62: Investment Finance (on rented units)
B64: Phase | C64: Private Units | D64: Part V Units | E64: Lease up start | F64: Lease up Period | G64: Units Per Month | H64: Vacant Units | K64: Private GDV | L64: Part V GDV | M64: Total GDV | N64: Loan Amount
B65: 1 | C65: =SUMIF($N$40:$N$44,B65,$J$40:$J$44) -> 90 | D65: =SUMIF($N$40:$N$44,B65,$L$40:$L$44) -> 10 | E65: =EDATE(E53,1) -> 44440 | F65: ='Income_Expenditure Schedule'!$C$100 -> 4 | G65: =ROUND(C65/F65,0) -> 23 | H65: =ROUND(C65*'Income_Expenditure Schedule'!$E$105,0) -> 2 | K65: =M53*12/'Income_Expenditure Schedule'!$C$85 -> 17850000 | L65: =N53*12/'Income_Expenditure Schedule'!$C$85 -> 1312500 | M65: =SUM(K65:L65) -> 19162500 | N65: =M65*'Income_Expenditure Schedule'!$C$83 -> 12455625
B66: 2 | C66: =SUMIF($N$40:$N$44,B66,$J$40:$J$44) -> 90 | D66: =SUMIF($N$40:$N$44,B66,$L$40:$L$44) -> 10 | E66: =EDATE(E54,1) -> 44593 | F66: ='Income_Expenditure Schedule'!$C$100 -> 4 | G66: =ROUND(C66/F66,0) -> 23 | H66: =ROUND(C66*'Income_Expenditure Schedule'!$E$105,0) -> 2 | K66: =M54*12/'Income_Expenditure Schedule'!$C$85 -> 26100000 | L66: =N54*12/'Income_Expenditure Schedule'!$C$85 -> 1912500 | M66: =SUM(K66:L66) -> 28012500 | N66: =M66*'Income_Expenditure Schedule'!$C$83 -> 18208125
B67: 3 | C67: =SUMIF($N$40:$N$44,B67,$J$40:$J$44) -> 90 | D67: =SUMIF($N$40:$N$44,B67,$L$40:$L$44) -> 10 | E67: =EDATE(E55,1) -> 44743 | F67: ='Income_Expenditure Schedule'!$C$100 -> 4 | G67: =ROUND(C67/F67,0) -> 23 | H67: =ROUND(C67*'Income_Expenditure Schedule'!$E$105,0) -> 2 | K67: =M55*12/'Income_Expenditure Schedule'!$C$85 -> 36000000 | L67: =N55*12/'Income_Expenditure Schedule'!$C$85 -> 3600000 | M67: =SUM(K67:L67) -> 39600000 | N67: =M67*'Income_Expenditure Schedule'!$C$83 -> 25740000
B68: 4 | C68: =SUMIF($N$40:$N$44,B68,$J$40:$J$44) -> 90 | D68: =SUMIF($N$40:$N$44,B68,$L$40:$L$44) -> 10 | E68: =EDATE(E56,1) -> 44927 | F68: ='Income_Expenditure Schedule'!$C$100 -> 4 | G68: =ROUND(C68/F68,0) -> 23 | H68: =ROUND(C68*'Income_Expenditure Schedule'!$E$105,0) -> 2 | K68: =M56*12/'Income_Expenditure Schedule'!$C$85 -> 29850000 | L68: =N56*12/'Income_Expenditure Schedule'!$C$85 -> 1312500 | M68: =SUM(K68:L68) -> 31162500 | N68: =M68*'Income_Expenditure Schedule'!$C$83 -> 20255625
B69: 5 | C69: =SUMIF($N$40:$N$44,B69,$J$40:$J$44) -> 90 | D69: =SUMIF($N$40:$N$44,B69,$L$40:$L$44) -> 10 | E69: =EDATE(E57,1) -> 45108 | F69: ='Income_Expenditure Schedule'!$C$100 -> 4 | G69: =ROUND(C69/F69,0) -> 23 | H69: =ROUND(C69*'Income_Expenditure Schedule'!$E$105,0) -> 2 | K69: =M57*12/'Income_Expenditure Schedule'!$C$85 -> 27000000 | L69: =N57*12/'Income_Expenditure Schedule'!$C$85 -> 1800000 | M69: =SUM(K69:L69) -> 28800000 | N69: =M69*'Income_Expenditure Schedule'!$C$83 -> 18720000
B70: Total | C70: =SUM(C65:C69) -> 450 | D70: =SUM(D65:D69) -> 50 | H70: =SUM(H65:H69) -> 10 | K70: =SUM(K65:K69) -> 136800000 | L70: =SUM(L65:L69) -> 9937500 | M70: =SUM(M65:M69) -> 146737500 | N70: =SUM(N65:N69) -> 95379375
B73: Method of Part V Disposal
B74: Rent to Council
